Workbook

Sheet Cover
B2: Duiba Group
G3: Company Description
G4: Duiba Group is a user management SaaS provider for online businesses and the leading interactive
G5: advertising platform operator in China. According to iResearch, they ranked first in (i) China’s user
G6: management SaaS market in terms of the number of registered mobile apps as of December 31, 2018
G7: each with DAUs above one million; and (ii) China’s mobile interactive advertising market in terms of
G8: revenue in 2018, with a market share of over 50%
G10: Sheet Navigator
G11: 1. Income Statement | H11: Consolidated annual income statement
G12: 2. Balance Sheet | H12: Consolidated annual balance sheet
G13: 3. Cash Flow Statement | H13: Consolidated statement of cash flows
B14: General Information | G14: 4. Revenue Drivers | H14: Projection of revenue of intrinsic business segments & assumptions made
B15: Company Name: | C15: Duiba Group Limited | G15: 5. Cost Drivers | H15: Projection of COGS, SG&A expenses
B16: Ticker: | C16: HK:1753 | G16: 6. PPE Schedule | H16: Breakdown of annual PPE & intangible assets, and capital expenditure
B17: Last Historical Year: | C17: 43465 | E17: Colour Convention | G17: 7. Financial Analysis | H17: Building blocks of analysis for SSG
B18: Indsutry | C18: Technology | E18: Blue: Hard-coded numbers | G18: 8. Tax Breakdown | H18: Understanding Tax Rates
B19: Valuation Date: | C19: 8th of July 2019 | E19: Blue with highlight: Assumptions | G19: 9.Changes in FV | H19: Financial Liabilities at profit or loss
B20: Current Price (US$): | C20: 4.91 | E20: Black: Excel formula | G20: 10. Trading Comparables | H20: List of trading comparables
B21: Target Price (US$): | C21: ='DCF Analysis'!E37 -> 4.0242785 | E21: Green: Linked items from other worksheets | G21: 11. DCF Analysis | H21: Unlevered Cash Flows and WACC calculations
A29: Bear
A30: Base
A31: Bull

Sheet Income Statement
B2: Income Statement
D4: Historical | G4: Projection Period
B5: Year ended 31st December | D5: 2016A | E5: 2017A | F5: 2018A | G5: 2019F | H5: 2020F | I5: 2021F | J5: 2022F | L5: Notes
B7: Revenue | C7: RMB'000 | D7: 51138 | E7: 645792 | F7: 1137032 | G7: ='Revenue Build'!G10 -> 2253048.6 | H7: ='Revenue Build'!H10 -> 3354795.7 | I7: ='Revenue Build'!I10 -> 5006685.3 | J7: ='Revenue Build'!J10 -> 6245939.8 | L7: CHECK
B9: Cost of Goods Sold
B10: Cost of Sales | D10: -11102 | E10: -403766 | F10: -708119 | G10: ='Cost Build'!G9 -> -1405907.4 | H10: ='Cost Build'!H9 -> -2093400.1 | I10: ='Cost Build'!I9 -> -3124182.9 | J10: ='Cost Build'!J9 -> -3897480.5 | L10: Assumption is Gross Profit Margins Remain?
B11: Gross Profit | D11: =D7+D10 -> 40036 | E11: =E7+E10 -> 242026 | F11: =F7+F10 -> 428913 | G11: =G7+G10 -> 847141.18 | H11: =H7+H10 -> 1261395.6 | I11: =I7+I10 -> 1882502.4 | J11: =J7+J10 -> 2348459.3
B13: Operating Expenses
B14: Selling & distribution expenses | D14: -8599 | E14: -46026 | F14: -107156 | G14: ='Cost Build'!G15 -> -250588.05 | H14: ='Cost Build'!H15 -> -373126.33 | I14: ='Cost Build'!I15 -> -556852.41 | J14: ='Cost Build'!J15 -> -694684.5 | L14: It says that SG&A includes the Depreciation
B15: Administrative expenses | D15: -37517 | E15: -82213 | F15: -173554 | G15: ='Cost Build'!G18 -> -315363.08 | H15: ='Cost Build'!H18 -> -469576.53 | I15: ='Cost Build'!I18 -> -700794.35 | J15: ='Cost Build'!J18 -> -874254.94
B16: Changes in fair value | D16: -84255 | E16: -18605 | F16: -453592 | G16: =-'Changes in FV'!E13 -> -115139.1 | H16: =-'Changes in FV'!F13 -> -126653.01 | I16: =-'Changes in FV'!G13 -> -139318.31 | J16: =-'Changes in FV'!H13 -> -153250.14 | L16: We designate the redeemable preference shares we issued from time to time as financial liabilities at fair value through profit or loss.
B17: Other income and gains | D17: 663 | E17: 3260 | F17: 13222 | G17: ='Cost Build'!G12 -> -22261.249 | H17: ='Cost Build'!H12 -> -33147.064 | I17: ='Cost Build'!I12 -> -49468.561 | J17: ='Cost Build'!J12 -> -61713.017 | L17: Other Income includes bank interest, government grants and foreign exchange + gains from investment of financial assets
B18: Other expenses | D18: 0 | E18: -79 | F18: -1139 | G18: ='Cost Build'!G23 -> -1266.2823 | H18: ='Cost Build'!H23 -> -1885.4979 | I18: ='Cost Build'!I23 -> -2813.9104 | J18: ='Cost Build'!J23 -> -3510.4094
B19: Finance Costs | D19: 0 | E19: 0 | F19: -5772 | G19: ='Cost Build'!G26 -> -11437.318 | H19: ='Cost Build'!H26 -> -17030.199 | I19: ='Cost Build'!I26 -> -25415.808 | J19: ='Cost Build'!J26 -> -31706.728
B21: Profit before tax | D21: =D11+SUM(D14:D19) -> -89672 | E21: =E11+SUM(E14:E19) -> 98363 | F21: =F11+SUM(F14:F19) -> -299078 | G21: =G11+SUM(G14:G19) -> 131086.1 | H21: =H11+SUM(H14:H19) -> 239977.01 | I21: =I11+SUM(I14:I19) -> 407839.03 | J21: =J11+SUM(J14:J19) -> 529339.56 | L21: 2018A is negative. 2019F is positive
B22: Provision for Income Tax | D22: 2233 | E22: -255 | F22: 7496 | G22: =-G21*(G27) -> -16385.762 | H22: =-H21*(H27) -> -29997.126 | I22: =-I21*(I27) -> -50979.879 | J22: =-J21*(J27) -> -132334.89 | L22: Lost money in 2018 due to changes in fair value???
B24: Net Income (Loss) | D24: =D21+D22 -> -87439 | E24: =E21+E22 -> 98108 | F24: =F21+F22 -> -291582 | G24: =G21+G22 -> 114700.33 | H24: =H21+H22 -> 209979.88 | I24: =I21+I22 -> 356859.15 | J24: =J21+J22 -> 397004.67 | L24: This one I can understand because of the increase in taxes
B26: Assumptions
B27: Income Tax % | D27: =-D22/D21 -> 0.024901865 | E27: =-E22/E21 -> 0.0025924382 | F27: =-F22/F21 -> 0.025063696 | G27: =12.5% -> 0.125 | H27: =12.5% -> 0.125 | I27: =12.5% -> 0.125 | J27: 0.25 | L27: Refer to Tax Breakdown | N27: Refer to Tax Breakdown
L28: We currently intend to declare and pay dividends on an annual basis of no less than 30% of our adjusted profit
B29: EBIT | D29: =D21-D19 -> -89672 | E29: =E21-E19 -> 98363 | F29: =F21-F19 -> -293306 | G29: =G21-G19 -> 142523.41 | H29: =H21-H19 -> 257007.21 | I29: =I21-I19 -> 433254.84 | J29: =J21-J19 -> 561046.29

Sheet Balance Sheet
B2: Balance Sheet
D4: Historical | G4: Projection Period
B5: Year ended 31st December | D5: 2016A | E5: 2017A | F5: 2018A | G5: 2019F | H5: 2020F | I5: 2021F | J5: 2022F | L5: Notes
B7: Non Current Assets
B8: Property, plant and equipment | D8: 2042 | E8: 3600 | F8: 8930 | G8: =F8-'Cash Flow Statement'!G38-'Cash Flow Statement'!G14+'Cash Flow Statement'!G13 -> 18018.342 | H8: =G8-'Cash Flow Statement'!H38-'Cash Flow Statement'!H14+'Cash Flow Statement'!H13 -> 28561.425 | I8: =H8-'Cash Flow Statement'!I38-'Cash Flow Statement'!I14+'Cash Flow Statement'!I13 -> 44187.826 | J8: =I8-'Cash Flow Statement'!J38-'Cash Flow Statement'!J14+'Cash Flow Statement'!J13 -> 59423.352
B9: Intangible assets | D9: 0 | E9: 96 | F9: 894 | G9: =F9-'Cash Flow Statement'!G16-'Cash Flow Statement'!G44 -> 794 | H9: =G9-'Cash Flow Statement'!H16-'Cash Flow Statement'!H44 -> 694 | I9: =H9-'Cash Flow Statement'!I16-'Cash Flow Statement'!I44 -> 594 | J9: =I9-'Cash Flow Statement'!J16-'Cash Flow Statement'!J44 -> 494
B10: Deferred tax assets | D10: 3346 | E10: 3133 | F10: 10877 | G10: 10877 | H10: 10877 | I10: 10877 | J10: 10877 | L10: Need to KIV this shit first
B11: Prepayments, deposits and other receivables | D11: 154 | E11: 327 | F11: 1979 | G11: =F11 -> 1979 | H11: =G11 -> 1979 | I11: =H11 -> 1979 | J11: =I11 -> 1979 | L11: All driven to Current Assets
B12: Advance payments for PPE | D12: 27 | E12: 276 | F12: 0 | G12: 0 | H12: 0 | I12: 0 | J12: 0 | L12: Closed
B13: Total non-current assets | D13: =SUM(D8:D12) -> 5569 | E13: =SUM(E8:E12) -> 7432 | F13: =SUM(F8:F12) -> 22680 | G13: =SUM(G8:G12) -> 31668.342 | H13: =SUM(H8:H12) -> 42111.425 | I13: =SUM(I8:I12) -> 57637.826 | J13: =SUM(J8:J12) -> 72773.352
B15: Current Assets
B16: Inventories | D16: 0 | E16: 188 | F16: 0 | G16: =F16-'Cash Flow Statement'!G25 -> 256.96765 | H16: =G16-'Cash Flow Statement'!H25 -> 382.62556 | I16: =H16-'Cash Flow Statement'!I25 -> 571.02903 | J16: =I16-'Cash Flow Statement'!J25 -> 712.37011
B17: Trade receivables | D17: 4377 | E17: 14474 | F17: 114963 | G17: =F17-'Cash Flow Statement'!G23 -> 80562.324 | H17: =G17-'Cash Flow Statement'!H23 -> 119957.53 | I17: =H17-'Cash Flow Statement'!I23 -> 179024.19 | J17: =I17-'Cash Flow Statement'!J23 -> 223336.25 | L17: 223336
B18: Prepayments, deposits and other receivables | D18: 3402 | E18: 13819 | F18: 46570 | G18: =F18-'Cash Flow Statement'!G24 -> 49438.352 | H18: =G18-'Cash Flow Statement'!H24 -> 73613.848 | I18: =H18-'Cash Flow Statement'!I24 -> 109861.05 | J18: =I18-'Cash Flow Statement'!J24 -> 137053.85
B19: Financial assets at fair value through profit or loss | D19: 24769 | E19: 224882 | F19: 426172 | G19: =F19-'Cash Flow Statement'!G11-'Cash Flow Statement'!G15-'Cash Flow Statement'!G39+'Cash Flow Statement'!G40 -> 628672 | H19: =G19-'Cash Flow Statement'!H11-'Cash Flow Statement'!H15-'Cash Flow Statement'!H39+'Cash Flow Statement'!H40 -> 781172 | I19: =H19-'Cash Flow Statement'!I11-'Cash Flow Statement'!I15-'Cash Flow Statement'!I39+'Cash Flow Statement'!I40 -> 883672 | J19: =I19-'Cash Flow Statement'!J11-'Cash Flow Statement'!J15-'Cash Flow Statement'!J39+'Cash Flow Statement'!J40 -> 936172 | L19: Based on Changes in FA and proceeds
B20: Due from a director | D20: 12659 | E20: 11888 | F20: 0 | G20: =F20+'Cash Flow Statement'!G42+'Cash Flow Statement'!G43 -> 0 | H20: =G20+'Cash Flow Statement'!H42+'Cash Flow Statement'!H43 -> 0 | I20: =H20+'Cash Flow Statement'!I42+'Cash Flow Statement'!I43 -> 0 | J20: =I20+'Cash Flow Statement'!J42+'Cash Flow Statement'!J43 -> 0
B21: Cash and cash equivalents | D21: 20852 | E21: 90790 | F21: 281565 | G21: =F21+'Cash Flow Statement'!G57 -> 452492.54 | H21: =G21+'Cash Flow Statement'!H57 -> 659894.83 | I21: =H21+'Cash Flow Statement'!I57 -> 1075983.6 | J21: =I21+'Cash Flow Statement'!J57 -> 1548277.8
B22: Total current assets | D22: =SUM(D16:D21) -> 66059 | E22: =SUM(E16:E21) -> 356041 | F22: =SUM(F16:F21) -> 869270 | G22: =SUM(G16:G21) -> 1211422.2 | H22: =SUM(H16:H21) -> 1635020.8 | I22: =SUM(I16:I21) -> 2249111.9 | J22: =SUM(J16:J21) -> 2845552.2
B24: Total Assets | D24: =D13+D22 -> 71628 | E24: =E13+E22 -> 363473 | F24: =F13+F22 -> 891950 | G24: =G13+G22 -> 1243090.5 | H24: =H13+H22 -> 1677132.3 | I24: =I13+I22 -> 2306749.7 | J24: =J13+J22 -> 2918325.6
B26: Current Liabilities
B27: Trade payables | D27: 4915 | E27: 93087 | F27: 63209 | G27: =F27+'Cash Flow Statement'!G26 -> 117158.95 | H27: =G27+'Cash Flow Statement'!H26 -> 174450.01 | I27: =H27+'Cash Flow Statement'!I26 -> 260348.58 | J27: =I27+'Cash Flow Statement'!J26 -> 324790.04
B28: Advances from customers, other payables and accruals | D28: 32726 | E28: 90195 | F28: 88443 | G28: =F28+'Cash Flow Statement'!G28 -> 156211.93 | H28: =G28+'Cash Flow Statement'!H28 -> 232600.01 | I28: =H28+'Cash Flow Statement'!I28 -> 347131.43 | J28: =I28+'Cash Flow Statement'!J28 -> 433053.39
B29: Contract liabilities | D29: 0 | E29: 27522 | F29: 20657 | G29: =F29+'Cash Flow Statement'!G27 -> 54649.309 | H29: =G29+'Cash Flow Statement'!H27 -> 81372.977 | I29: =H29+'Cash Flow Statement'!I27 -> 121440.74 | J29: =I29+'Cash Flow Statement'!J27 -> 151499.75
B30: Total current liabilities | D30: =SUM(D27:D29) -> 37641 | E30: =SUM(E27:E29) -> 210804 | F30: =SUM(F27:F29) -> 172309 | G30: =SUM(G27:G29) -> 328020.19 | H30: =SUM(H27:H29) -> 488423 | I30: =SUM(I27:I29) -> 728920.75 | J30: =SUM(J27:J29) -> 909343.18
B32: Non-Current Liabilities
B33: Deferred tax liabilities | D33: 22 | E33: 0 | F33: 248 | G33: 248 | H33: 248 | I33: 248 | J33: 248 | L33: Need to KIV this shit first
A34: kiv | B34: Financial liabilities at fair value through profit or loss | D34: 126075 | E34: 144680 | F34: 1151391 | G34: =F34+'Cash Flow Statement'!G18+'Cash Flow Statement'!G48 -> 1266530.1 | H34: =G34+'Cash Flow Statement'!H18+'Cash Flow Statement'!H48 -> 1393183.1 | I34: =H34+'Cash Flow Statement'!I18+'Cash Flow Statement'!I48 -> 1532501.4 | J34: =I34+'Cash Flow Statement'!J18+'Cash Flow Statement'!J48 -> 1685751.6 | L34: Based on Changes in FV and proceeds
B35: Total non-current liabilities | D35: =SUM(D33:D34) -> 126097 | E35: =SUM(E33:E34) -> 144680 | F35: =SUM(F33:F34) -> 1151639 | G35: =SUM(G33:G34) -> 1266778.1 | H35: =SUM(H33:H34) -> 1393431.1 | I35: =SUM(I33:I34) -> 1532749.4 | J35: =SUM(J33:J34) -> 1685999.6
B37: Total Liabilities | D37: =D30+D35 -> 163738 | E37: =E30+E35 -> 355484 | F37: =F30+F35 -> 1323948 | G37: =G30+G35 -> 1594798.3 | H37: =H30+H35 -> 1881854.1 | I37: =I30+I35 -> 2261670.2 | J37: =J30+J35 -> 2595342.7
B39: Equity
B40: Share Capital | D40: 0 | E40: 0 | F40: 44 | G40: =F40 -> 44 | H40: =G40 -> 44 | I40: =H40 -> 44 | J40: =I40 -> 44 | L40: No Driver
B41: Share Premium | D41: 0 | E41: 0 | F41: 32175 | G41: =F41 -> 32175 | H41: =G41 -> 32175 | I41: =H41 -> 32175 | J41: =I41 -> 32175 | L41: No Driver
B42: Capital Reserve | D42: 7286 | E42: 9277 | F42: -118597 | G42: =F42 -> -118597 | H42: =G42 -> -118597 | I42: =H42 -> -118597 | J42: =I42 -> -118597 | L42: No Driver
B43: Statutory and other surplus reserves | D43: 0 | E43: 10803 | F43: 25125 | G43: =F43 -> 25125 | H43: =G43 -> 25125 | I43: =H43 -> 25125 | J43: =I43 -> 25125 | L43: No Driver
B44: Accumulated losses | D44: -99396 | E44: -12091 | F44: -337173 | G44: =F44+'Cash Flow Statement'!G8+'Cash Flow Statement'!G10+'Cash Flow Statement'!G31+'Cash Flow Statement'!G32+'Cash Flow Statement'!G33+'Cash Flow Statement'!G50+'Cash Flow Statement'!G58 -> -256882.77 | H44: =G44+'Cash Flow Statement'!H8+'Cash Flow Statement'!H10+'Cash Flow Statement'!H31+'Cash Flow Statement'!H32+'Cash Flow Statement'!H33+'Cash Flow Statement'!H50+'Cash Flow Statement'!H58 -> -109896.85 | I44: =H44+'Cash Flow Statement'!I8+'Cash Flow Statement'!I10+'Cash Flow Statement'!I31+'Cash Flow Statement'!I32+'Cash Flow Statement'!I33+'Cash Flow Statement'!I50+'Cash Flow Statement'!I58 -> 139904.56 | J44: =I44+'Cash Flow Statement'!J8+'Cash Flow Statement'!J10+'Cash Flow Statement'!J31+'Cash Flow Statement'!J32+'Cash Flow Statement'!J33+'Cash Flow Statement'!J50+'Cash Flow Statement'!J58 -> 417807.83 | L44: No Driver
B45: Exchange Fluctuation Reserve | D45: 0 | E45: 0 | F45: -33572 | G45: =F45 -> -33572 | H45: =G45 -> -33572 | I45: =H45 -> -33572 | J45: =I45 -> -33572 | L45: No Driver
B46: Total equity/(net defiency of assets) | D46: =SUM(D40:D45) -> -92110 | E46: =SUM(E40:E45) -> 7989 | F46: =SUM(F40:F45) -> -431998 | G46: =SUM(G40:G45) -> -351707.77 | H46: =SUM(H40:H45) -> -204721.85 | I46: =SUM(I40:I45) -> 45079.56 | J46: =SUM(J40:J45) -> 322982.83 | L46: Page I-7
B48: Total Assets - Total Liabilities | D48: =D24-D37 -> -92110 | E48: =E24-E37 -> 7989 | F48: =F24-F37 -> -431998 | G48: =G24-G37 -> -351707.77 | H48: =H24-H37 -> -204721.85 | I48: =I24-I37 -> 45079.56 | J48: =J24-J37 -> 322982.83
B50: Total Assets - Total Liabilties + Equity | D50: =D24-D37-D46 -> 0 | E50: =E24-E37-E46 -> 0 | F50: =F24-F37-F46 -> 0 | G50: =G24-G37-G46 -> 0 | H50: =H24-H37-H46 -> -3.2014214e-10 | I50: =I24-I37-I46 -> -2.910383e-10 | J50: =J24-J37-J46 -> -5.8207661e-10
B52: Operating Assumptions
B54: Revenue | C54: RMB'000 | D54: ='Income Statement'!D7 -> 51138 | E54: ='Income Statement'!E7 -> 645792 | F54: ='Income Statement'!F7 -> 1137032 | G54: ='Income Statement'!G7 -> 2253048.6 | H54: ='Income Statement'!H7 -> 3354795.7 | I54: ='Income Statement'!I7 -> 5006685.3 | J54: ='Income Statement'!J7 -> 6245939.8
B55: Cost of Sales | D55: =-'Income Statement'!D10 -> 11102 | E55: =-'Income Statement'!E10 -> 403766 | F55: =-'Income Statement'!F10 -> 708119 | G55: =-'Income Statement'!G10 -> 1405907.4 | H55: =-'Income Statement'!H10 -> 2093400.1 | I55: =-'Income Statement'!I10 -> 3124182.9 | J55: =-'Income Statement'!J10 -> 3897480.5
B57: Statutory reserves
B58: Net Income (Loss) | C58: RMB'000 | D58: ='Income Statement'!D24 -> -87439 | E58: ='Income Statement'!E24 -> 98108 | F58: ='Income Statement'!F24 -> -291582 | G58: ='Income Statement'!G24 -> 114700.33 | H58: ='Income Statement'!H24 -> 209979.88 | I58: ='Income Statement'!I24 -> 356859.15 | J58: ='Income Statement'!J24 -> 397004.67
B59: Transfer to statutory reserves | E59: 10803 | F59: 14322 | G59: =0.1*G58 -> 11470.033 | H59: =0.1*H58 -> 20997.988 | I59: =0.1*I58 -> 35685.915 | J59: =0.1*J58 -> 39700.467

Sheet Cash Flow Statement
B2: Statement of Cash Flows
D4: Historical | G4: Projection Period
B5: Year ended 31st December | D5: 2016A | E5: 2017A | F5: 2018A | G5: 2019F | H5: 2020F | I5: 2021F | J5: 2022F | L5: Notes
B7: CASH FLOWS FROM OPERATING ACTIVITIES
B8: Profit/(loss) before tax | C8: RMB'000 | D8: ='Income Statement'!D21 -> -89672 | E8: ='Income Statement'!E21 -> 98363 | F8: ='Income Statement'!F21 -> -299078 | G8: ='Income Statement'!G21 -> 131086.1 | H8: ='Income Statement'!H21 -> 239977.01 | I8: ='Income Statement'!I21 -> 407839.03 | J8: ='Income Statement'!J21 -> 529339.56
B9: Adjustments for:
B10: Bank interest income | D10: -52 | E10: -112 | F10: -2462 | G10: =-'Debt Schedule'!G15 -> -2262.4627 | H10: =-'Debt Schedule'!H15 -> -3299.4741 | I10: =-'Debt Schedule'!I15 -> -5379.9182 | J10: =-'Debt Schedule'!J15 -> -7741.3888 | L10: Page I-40 might have stuff
B11: Investment income from financial assets at fair value through profit or loss | D11: -389 | E11: -2001 | F11: -8021 | G11: -2000 | H11: -2000 | I11: -2000 | J11: -2000 | L11: If this is my assumption then okay
B12: Foreign exchange gains, net | D12: 0 | E12: 0 | F12: -153 | G12: 0 | H12: 0 | I12: 0 | J12: 0 | L12: Assume no FX changes
B13: Loss on disposal of items of property, plant and equipment | D13: 0 | E13: 51 | F13: 947 | G13: 0 | H13: 0 | I13: 0 | J13: 0 | L13: Assume no disposals or disposals at no gain or loss
B14: Depreciation of property, plant and equipment | D14: 405 | E14: 1029 | F14: 3081 | G14: ='PPE Schedule'!G64 -> 5101.4672 | H14: ='PPE Schedule'!H64 -> 10585.582 | I14: ='PPE Schedule'!I64 -> 15905.946 | J14: ='PPE Schedule'!J64 -> 24101.704 | L14: Depreciation here
B15: Changes in fair value of financial assets at fair value through profit or loss | D15: -149 | E15: -501 | F15: -2128 | G15: -500 | H15: -500 | I15: -500 | J15: -500 | L15: If this is my assumption then okay
B16: Amortisation of intangible assets | D16: 0 | E16: 3 | F16: 102 | G16: 100 | H16: 100 | I16: 100 | J16: 100 | L16: No Amortization here as balance sheet shows constant value
B17: Finance costs | D17: 0 | E17: 0 | F17: 5772 | G17: 0 | H17: 0 | I17: 0 | J17: 0 | M17: Assumed no debt
B18: Changes in fair value of financial liabilities at fair value through profit or loss | D18: 84255 | E18: 18605 | F18: 453592 | G18: =-'Income Statement'!G16 -> 115139.1 | H18: =-'Income Statement'!H16 -> 126653.01 | I18: =-'Income Statement'!I16 -> 139318.31 | J18: =-'Income Statement'!J16 -> 153250.14 | L18: Changes in Fair Value. > Income Statement | M18: FV of FL below
B19: Equity-settled share award expense | D19: 293 | E19: 1991 | F19: 11662 | G19: 0 | H19: 0 | I19: 0 | J19: 0
B20: Impairment of trade receivables arising from contracts with customers | D20: 0 | E20: 0 | F20: 613 | G20: 0 | H20: 0 | I20: 0 | J20: 0 | L20: Assume no impairment of trade receivables
B21: Profit/(loss) before tax After adjustments | D21: =SUM(D8:D20) -> -5309 | E21: =SUM(E8:E20) -> 117428 | F21: =SUM(F8:F20) -> 163927 | G21: =SUM(G8:G20) -> 246664.2 | H21: =SUM(H8:H20) -> 371516.13 | I21: =SUM(I8:I20) -> 555283.37 | J21: =SUM(J8:J20) -> 696550.02
B23: Increase in trade receivables | D23: -4142 | E23: -10097 | F23: -101102 | G23: =-(OWC!G7-OWC!F7) -> 34400.676 | H23: =-(OWC!H7-OWC!G7) -> -39395.207 | I23: =-(OWC!I7-OWC!H7) -> -59066.664 | J23: =-(OWC!J7-OWC!I7) -> -44312.06 | L23: Start of Working Capital | M23: This might be wary
B24: Increase in prepayments, deposits and other receivables | D24: -2604 | E24: -10298 | F24: -34368 | G24: =-(OWC!G9-OWC!F9) -> -2868.3522 | H24: =-(OWC!H9-OWC!G9) -> -24175.495 | I24: =-(OWC!I9-OWC!H9) -> -36247.198 | J24: =-(OWC!J9-OWC!I9) -> -27192.801 | M24: This might be wary
B25: Decrease/(increase) in inventories | D25: 0 | E25: -188 | F25: 188 | G25: =-(OWC!G5-OWC!F5) -> -256.96765 | H25: =-(OWC!H5-OWC!G5) -> -125.65791 | I25: =-(OWC!I5-OWC!H5) -> -188.40347 | J25: =-(OWC!J5-OWC!I5) -> -141.34108 | M25: This might be wary
B26: Increase/(decrease) in trade payables | D26: 4914 | E26: 88172 | F26: -29878 | G26: =OWC!G12-OWC!F12 -> 53949.948 | H26: =OWC!H12-OWC!G12 -> 57291.06 | I26: =OWC!I12-OWC!H12 -> 85898.567 | J26: =OWC!J12-OWC!I12 -> 64441.467 | M26: This might be wary
B27: Increase/(decrease) in contract liabilities | D27: 0 | E27: 27522 | F27: -6865 | G27: =OWC!G14-OWC!F14 -> 33992.309 | H27: =OWC!H14-OWC!G14 -> 26723.668 | I27: =OWC!I14-OWC!H14 -> 40067.767 | J27: =OWC!J14-OWC!I14 -> 30059.007 | M27: This might be wary
B28: Increase/(decrease) in advances from customers, other payables and accruals | D28: 23448 | E28: 57469 | F28: -1752 | G28: =OWC!G16-OWC!F16 -> 67768.93 | H28: =OWC!H16-OWC!G16 -> 76388.08 | I28: =OWC!I16-OWC!H16 -> 114531.42 | J28: =OWC!J16-OWC!I16 -> 85921.955 | L28: End of Working Capital | M28: This might be wary
B29: Cash generated from operations | D29: =D21+SUM(D23:D28) -> 16307 | E29: =E21+SUM(E23:E28) -> 270008 | F29: =F21+SUM(F23:F28) -> -9850 | G29: =G21+SUM(G23:G28) -> 433650.74 | H29: =H21+SUM(H23:H28) -> 468222.58 | I29: =I21+SUM(I23:I28) -> 700278.86 | J29: =J21+SUM(J23:J28) -> 805326.25
B31: Interest received | D31: 52 | E31: 112 | F31: 2462 | G31: ='Debt Schedule'!G15 -> 2262.4627 | H31: ='Debt Schedule'!H15 -> 3299.4741 | I31: ='Debt Schedule'!I15 -> 5379.9182 | J31: ='Debt Schedule'!J15 -> 7741.3888
B32: Income tax paid | D32: 0 | E32: -356 | F32: -184 | G32: ='Income Statement'!G22 -> -16385.762 | H32: ='Income Statement'!H22 -> -29997.126 | I32: ='Income Statement'!I22 -> -50979.879 | J32: ='Income Statement'!J22 -> -132334.89 | M32: Assume all taxes are paid
B33: Tax refund | D33: 0 | E33: 0 | F33: 149 | G33: 0 | H33: 0 | I33: 0 | J33: 0
B34: Net cash flows from/(used in) Operating Activities | D34: =D29+SUM(D31:D33) -> 16359 | E34: =E29+SUM(E31:E33) -> 269764 | F34: =F29+SUM(F31:F33) -> -7423 | G34: =G29+SUM(G31:G33) -> 419527.44 | H34: =H29+SUM(H31:H33) -> 441524.92 | I34: =I29+SUM(I31:I33) -> 654678.9 | J34: =J29+SUM(J31:J33) -> 680732.75
B36: CASH FLOWS FROM INVESTING ACTIVITIES
B37: Proceeds from disposal of items of PPE | D37: 0 | E37: 23 | F37: 279 | G37: 0 | H37: 0 | I37: 0 | J37: 0 | L37: Assume no more disposals, similar to above
B38: Purchases of items for PPE | D38: -1883 | E38: -2910 | F38: -9367 | G38: =-'PPE Schedule'!G24 -> -14189.809 | H38: =-'PPE Schedule'!H24 -> -21128.666 | I38: =-'PPE Schedule'!I24 -> -31532.346 | J38: =-'PPE Schedule'!J24 -> -39337.231 | L38: CAPEX
B39: Purchases of financial assets at fair value through profit or loss | D39: -42620 | E39: -378381 | F39: -1564013 | G39: -200000 | H39: -150000 | I39: -100000 | J39: -50000 | L39: This makes sense. We assume no investments | M39: Similar to the line items below
B40: Proceeds from disposal of financial assets at fair value through profit or loss | D40: 36389 | E40: 180770 | F40: 1372876 | G40: 0 | H40: 0 | I40: 0 | J40: 0 | L40: We assume no changes in these financial assets | M40: Similar to the line items above
B41: Acquisition of equity interests in subsidiaries from the then shareholders . | D41: 0 | E41: 0 | F41: -42000 | G41: 0 | H41: 0 | I41: 0 | J41: 0 | M41: Perhaps we project a loss of 200,000 to 100,000?
B42: Advances to a director | D42: -3984 | E42: 0 | F42: 0 | G42: 0 | H42: 0 | I42: 0 | J42: 0
B43: Repayment of advances to a director | D43: 0 | E43: 771 | F43: 11888 | G43: 0 | H43: 0 | I43: 0 | J43: 0
B44: Purchases of intangible assets | D44: 0 | E44: -99 | F44: -900 | G44: 0 | H44: 0 | I44: 0 | J44: 0 | L44: Intellectual property
B45: Net cash flows used in investing activities | D45: =SUM(D37:D44) -> -12098 | E45: =SUM(E37:E44) -> -199826 | F45: =SUM(F37:F44) -> -231237 | G45: =SUM(G37:G44) -> -214189.81 | H45: =SUM(H37:H44) -> -171128.67 | I45: =SUM(I37:I44) -> -131532.35 | J45: =SUM(J37:J44) -> -89337.231 | L45: If we notice the major changes here are the
L46: Financial Assets and the advances to the director
B47: CASH FLOWS FROM FINANCING ACTIVITIES
B48: Proceeds from financial liabilities at fair value through profit or loss | D48: 0 | E48: 0 | F48: 712005 | G48: 0 | H48: 0 | I48: 0 | J48: 0 | L48: Assumption is no more repuchase or issuing | M48: Provided FL, assume no changes
B49: Dividends paid to the then shareholders. | D49: 0 | E49: 0 | F49: -18228 | G49: 0 | H49: 0 | I49: 0 | J49: 0
B50: Dividends paid to preferred shareholders | D50: 0 | E50: 0 | F50: -5772 | G50: =-G63*G65 -> -34410.1 | H50: =-H63*H65 -> -62993.965 | I50: =-I63*I65 -> -107057.75 | J50: =-J63*J65 -> -119101.4
B51: Proceeds from issue of shares | D51: 0 | E51: 0 | F51: 35579 | G51: 0 | H51: 0 | I51: 0 | J51: 0
B52: Repurchase of preferred shares | D52: 0 | E52: 0 | F52: -64144 | G52: 0 | H52: 0 | I52: 0 | J52: 0
B53: Repurchase of shares | D53: 0 | E53: 0 | F53: -255890 | G53: 0 | H53: 0 | I53: 0 | J53: 0 | M53: Assume no more repurchases
B54: Net cash flows from financing activities | D54: 0 | E54: 0 | F54: =SUM(F48:F53) -> 403550 | G54: =SUM(G48:G53) -> -34410.1 | H54: =SUM(H48:H53) -> -62993.965 | I54: =SUM(I48:I53) -> -107057.75 | J54: =SUM(J48:J53) -> -119101.4 | M54: Honestly not sure how repurhcases affect the Balance Sheet
B56: Cash and cash equivalents at beginning of year | D56: 16591 | E56: =D59 -> 20852 | F56: =E59 -> 90790 | G56: =F59 -> 281565 | H56: =G59 -> 452492.54 | I56: =H59 -> 659894.83 | J56: =I59 -> 1075983.6
B57: Net increase in cash and cash equivalents | D57: =D34+D45+D54 -> 4261 | E57: =E34+E45+E54 -> 69938 | F57: =F34+F45+F54 -> 164890 | G57: =G34+G45+G54 -> 170927.54 | H57: =H34+H45+H54 -> 207402.29 | I57: =I34+I45+I54 -> 416088.81 | J57: =J34+J45+J54 -> 472294.11
B58: Net foreign exchange difference | D58: 0 | E58: 0 | F58: 25879 | G58: 0 | H58: =G58 -> 0 | I58: =H58 -> 0 | J58: =I58 -> 0 | L58: Assume to be zero
B59: Cash and cash equivalents at end of year | D59: ='Balance Sheet'!D21 -> 20852 | E59: =E57+E58+E56 -> 90790 | F59: 281565 | G59: =G57+G58+G56 -> 452492.54 | H59: =H57+H58+H56 -> 659894.83 | I59: =I57+I58+I56 -> 1075983.6 | J59: =J57+J58+J56 -> 1548277.8
B61: Assumptions
B63: Net Income (Loss) | D63: ='Income Statement'!D24 -> -87439 | E63: ='Income Statement'!E24 -> 98108 | F63: ='Income Statement'!F24 -> -291582 | G63: ='Income Statement'!G24 -> 114700.33 | H63: ='Income Statement'!H24 -> 209979.88 | I63: ='Income Statement'!I24 -> 356859.15 | J63: ='Income Statement'!J24 -> 397004.67
B65: Dividend Payout Rate | G65: 0.3 | H65: =G65 -> 0.3 | I65: =H65 -> 0.3 | J65: =I65 -> 0.3 | L65: Given. Page 14
B67: Personal Notes:
B68: How the FA works is last year's FA add the purchase and minus the proceeds and add the investmetn income & the changes in fair value to these FA
B69: This is from the CFO and CFI
B70: Hidden

Sheet Revenue Build
B2: Revenue Build
D4: Historical | G4: Projection Period
B5: Year ended 31st December | D5: 2016A | E5: 2017A | F5: 2018A | G5: 2019F | H5: 2020F | I5: 2021F | J5: 2022F | L5: Notes
B7: User management SaaS platform business | C7: RMB '000 | D7: 4456 | E7: 6187 | F7: 13661 | G7: =G52 -> 14554.805 | H7: =H52 -> 16055.108 | I7: =I52 -> 17574.359 | J7: =J52 -> 19051.122 | L7: Due to decreasing amount of payment credits and cash rewards
B8: Interactive advertising business | D8: 46682 | E8: 607272 | F8: 1110108 | G8: =G73 -> 2228493.7 | H8: =H73 -> 3328740.6 | I8: =I73 -> 4979110.9 | J8: =J73 -> 6216888.7
B9: Others | D9: 0 | E9: 32333 | F9: 13263 | G9: 10000 | H9: 10000 | I9: 10000 | J9: 10000 | L9: Many of these were discontinued, the app they created is still running.
B10: Total Revenue | D10: =SUM(D7:D9) -> 51138 | E10: =SUM(E7:E9) -> 645792 | F10: =SUM(F7:F9) -> 1137032 | G10: =SUM(G7:G9) -> 2253048.6 | H10: =SUM(H7:H9) -> 3354795.7 | I10: =SUM(I7:I9) -> 5006685.3 | J10: =SUM(J7:J9) -> 6245939.8
B11: Growth Rate observed / expected | E11: =(E10-D10)/D10 -> 11.628417 | F11: =(F10-E10)/E10 -> 0.76067836 | G11: =(G10-F10)/F10 -> 0.98151728 | H11: =(H10-G10)/G10 -> 0.48900286 | I11: =(I10-H10)/H10 -> 0.49239647 | J11: =(J10-I10)/I10 -> 0.24751995
B14: Breakdown of Two Main Revenue Streams
B16: User Management SaaS platform business
D18: Historical | G18: Projection Period
B19: Year ended 31st December | D19: 2016A | E19: 2017A | F19: 2018A | G19: 2019F | H19: 2020F | I19: 2021F | J19: 2022F
B21: Procurement Services
A23: 1) | B23: Merchandise Procurement services
B24: Revenue from sales of goods | D24: 0 | E24: 2400 | F24: 2580 | G24: =F24*(1+G25) -> 2773.5 | H24: =G24*(1+H25) -> 2981.5125 | I24: =H24*(1+I25) -> 3205.1259 | J24: =I24*(1+J25) -> 3445.5104 | L24: Procurement getting stagnant
B25: Growth Rate | D25: - | E25: - | F25: =(F24-E24)/E24 -> 0.075 | G25: =F25 -> 0.075 | H25: =G25 -> 0.075 | I25: =H25 -> 0.075 | J25: =I25 -> 0.075
A27: 2) | B27: Payment credits and cash rewards Procurement services
B28: Revenue form processing fees (Obtained from an approximate of A*B) | D28: 4456 | E28: 3787 | F28: 2634 | G28: =G29*G31 -> 2005.4452 | H28: =H29*H31 -> 2005.4452 | I28: =I29*I31 -> 2005.4452 | J28: =J29*J31 -> 2005.4452 | L28: Processing fees declining. Assume 105,550 amount of payment credits as a plateau
B29: Amount of payment credits and cash rewards (A) | D29: 271695 | E29: 202679 | F29: 140733 | G29: =F29*(1+G30) -> 105549.75 | H29: =G29*(1+H30) -> 105549.75 | I29: =H29*(1+I30) -> 105549.75 | J29: =I29*(1+J30) -> 105549.75 | L29: No explanation given on the drop. Might be too small to worry about
B30: Growth Rate for amount of payment credits and cash rewards | E30: =(E29-D29)/D29 -> -0.25402013 | F30: =(F29-E29)/E29 -> -0.30563601 | G30: -0.25 | H30: 0 | I30: 0 | J30: 0
B31: Average processing fee rate (B) | D31: 0.016 | E31: 0.019 | F31: 0.019 | G31: =F31 -> 0.019 | H31: =G31 -> 0.019 | I31: =H31 -> 0.019 | J31: =I31 -> 0.019 | L31: Assume processing fee rate remains
A33: (C) | B33: Total Revenue from Procurement services | D33: =D24+D28 -> 4456 | E33: =E24+E28 -> 6187 | F33: =F24+F28 -> 5214 | G33: =G24+G28 -> 4778.9452 | H33: =H24+H28 -> 4986.9577 | I33: =I24+I28 -> 5210.5712 | J33: =J24+J28 -> 5450.9556
B35: Customers paying for the User Management SaaS platform
B37: The number of mobile apps registered with the User Management SaaS platform | D37: 4648 | E37: 10711 | F37: 14000 | G37: =F37*(1+G38) -> 16800 | H37: =G37*(1+H38) -> 19320 | I37: =H37*(1+I38) -> 21252 | J37: =I37*(1+J38) -> 22314.6 | L37: (Given in the documents) (Free of Charge Service)
B38: Growth Rate | E38: =(E37-D37)/D37 -> 1.304432 | F38: =(F37-E37)/E37 -> 0.3070675 | G38: 0.2 | H38: 0.15 | I38: 0.1 | J38: 0.05 | L38: There has to be a point in time where the firm maximises the number of apps
B39: Number of Online paying customers (in millions) | D39: - | E39: - | F39: 272 | G39: =F39*(1+G40) -> 353.6 | H39: =G39*(1+H40) -> 424.32 | I39: =H39*(1+I40) -> 487.968 | J39: =I39*(1+J40) -> 536.7648
B40: Growth Rate | D40: - | E40: - | F40: - | G40: 0.3 | H40: 0.2 | I40: 0.15 | J40: 0.1
B41: Average Pricing for service | D41: - | E41: - | F41: 8900 | G41: =F41 -> 8900 | H41: =G41 -> 8900 | I41: =H41 -> 8900 | J41: =I41 -> 8900 | L41: This was given
B42: Total revenue from Online paying customers (E) | D42: - | E42: - | F42: =F39*F41/1000 -> 2420.8 | G42: =G39*G41/1000 -> 3147.04 | H42: =H39*H41/1000 -> 3776.448 | I42: =I39*I41/1000 -> 4342.9152 | J42: =J39*J41/1000 -> 4777.2067
B44: Number of Offline paying customers | D44: - | E44: - | F44: 101 | G44: =F44*(1+G45) -> 111.1 | H44: =G44*(1+H45) -> 122.21 | I44: =H44*(1+I45) -> 134.431 | J44: =I44*(1+J45) -> 147.8741
B45: Growth Rate | D45: - | E45: - | F45: - | G45: 0.1 | H45: 0.1 | I45: 0.1 | J45: 0.1 | L45: Hard Figure
B46: Pricing for service | D46: - | E46: - | F46: =(F49-F42)*1000/F44 -> 59665.347 | G46: =F46 -> 59665.347 | H46: =G46 -> 59665.347 | I46: =H46 -> 59665.347 | J46: =I46 -> 59665.347 | L46: Currently price stays the same
B47: Total revenue from Offline paying customers (F) | D47: - | E47: - | F47: N/A | G47: =G44*G46/1000 -> 6628.82 | H47: =H44*H46/1000 -> 7291.702 | I47: =I44*I46/1000 -> 8020.8722 | J47: =J44*J46/1000 -> 8822.9594 | L47: * Range of 3000RMB to 29400RMB. With an average of 8900RMB per customer
A49: (D) | B49: Revenue from Paying Customers for the User management SaaS platform (E) + (F) | D49: 0 | E49: 0 | F49: 8447 | G49: =G42+G47 -> 9775.86 | H49: =H42+H47 -> 11068.15 | I49: =I42+I47 -> 12363.787 | J49: =J42+J47 -> 13600.166
B50: Growth Rate observed | G50: =(G49-F49)/F49 -> 0.15731739 | H50: =(H49-G49)/G49 -> 0.13219195 | I50: =(I49-H49)/H49 -> 0.11705998 | J50: =(J49-I49)/I49 -> 0.1 | L50: Page 149 *** very important to read
B52: Total Revenue from User management SaaS platform business (C) + (D) | D52: =D33+D49 -> 4456 | E52: =E33+E49 -> 6187 | F52: =F33+F49 -> 13661 | G52: =G33+G49 -> 14554.805 | H52: =H33+H49 -> 16055.108 | I52: =I33+I49 -> 17574.359 | J52: =J33+J49 -> 19051.122 | L52: Perhaps this line is not as profitable, since almost 30-40% are based on procuremetn services fees which are
B53: Growth Rate observed | G53: =(G52-F52)/F52 -> 0.065427513 | H53: =(H52-G52)/G52 -> 0.10307953 | I53: =(I52-H52)/H52 -> 0.094627259 | J53: =(J52-I52)/I52 -> 0.084029421 | L53: barely increasing, even decreasing!
B55: Interactive Advetising Business
D57: Historical | G57: Projection Period
B58: Year ended 31st December | D58: 2016A | E58: 2017A | F58: 2018A | G58: 2019F | H58: 2020F | I58: 2021F | J58: 2022F | L58: Notes
B60: Total Revenue from Interactive Advertising Business | D60: 46682 | E60: 607272 | F60: 1110108 | G60: =G73 -> 2228493.7 | H60: =H73 -> 3328740.6 | I60: =I73 -> 4979110.9 | J60: =J73 -> 6216888.7 | L60: Check figures with apparent market size
B61: MAUs (millions) | D61: 19.1 | E61: 107.6 | F61: 284.7 | G61: =F61*(1+G62) -> 569.4 | H61: =G61*(1+H62) -> 854.1 | I61: =H61*(1+I62) -> 1281.15 | J61: =I61*(1+J62) -> 1601.4375
B62: Growth Rate of MAUs | E62: =(E61-D61)/D61 -> 4.6335079 | F62: =(F61-E61)/E61 -> 1.6459108 | G62: 1 | H62: 0.5 | I62: 0.5 | J62: 0.25 | L62: Assumed Figures.
B63: Advertising page views (millions) | D63: 95.2 | E63: 6752.2 | F63: 14523.8 | G63: =G61*G64 -> 28470 | H63: =H61*H64 -> 42705 | I63: =I61*I64 -> 64057.5 | J63: =J61*J64 -> 80071.875
B64: MAUs/Advertising page views | D64: =D63/D61 -> 4.9842932 | E64: =E63/E61 -> 62.752788 | F64: =F63/F61 -> 51.014401 | G64: =50 -> 50 | H64: =50 -> 50 | I64: =50 -> 50 | J64: =50 -> 50
B65: Number of chargeable clicks (millions) | D65: 30.8 | E65: 1850.9 | F65: 3819.9 | G65: =G68*G63 -> 7544.55 | H65: =H68*H63 -> 11316.825 | I65: =I68*I63 -> 16975.237 | J65: =J68*J63 -> 21219.047
B66: Number of chargeable clicks under the CPC model (millions) | E66: 1580.6 | F66: 3072.2 | G66: =G65/G67 -> 6287.125 | H66: =H65/H67 -> 9430.6875 | I66: =I65/I67 -> 14146.031 | J66: =J65/J67 -> 17682.539
E67: =E65/E66 -> 1.171011 | F67: =F65/F66 -> 1.2433761 | G67: =ROUNDDOWN(AVERAGE(E67:F67),2) -> 1.2 | H67: =G67 -> 1.2 | I67: =H67 -> 1.2 | J67: =I67 -> 1.2
B68: Click-through rate (no of chargeable clicks/advertising page views) | D68: =D65/D63 -> 0.32352941 | E68: =E65/E63 -> 0.27411807 | F68: =F65/F63 -> 0.26300968 | G68: 0.265 | H68: 0.265 | I68: 0.265 | J68: 0.265 | L68: Assume CTR remains
B69: Average revenue per chargeable click under the CPC model (RMB) | E69: 0.36 | F69: 0.35 | G69: =F69 -> 0.35 | H69: =G69 -> 0.35 | I69: =H69 -> 0.35 | J69: =I69 -> 0.35 | L69: Remains relatively constant. This is the Price
B70: Revenue under the CPC mode (in thousands of RMB) | E70: 566555 | F70: 1081264 | G70: =G66*G69*1000 -> 2200493.7 | H70: =H66*H69*1000 -> 3300740.6 | I70: =I66*I69*1000 -> 4951110.9 | J70: =J66*J69*1000 -> 6188888.7
B72: Others (in thousands of RMB) | E72: 40717 | F72: 28844 | G72: =28000 -> 28000 | H72: =28000 -> 28000 | I72: =28000 -> 28000 | J72: =28000 -> 28000 | L72: Assume constant. Too small to be significant
B73: Total Revenue from Interactive Advertising Business | E73: =E70+E72 -> 607272 | F73: =F70+F72 -> 1110108 | G73: =G70+G72 -> 2228493.7 | H73: =H70+H72 -> 3328740.6 | I73: =I70+I72 -> 4979110.9 | J73: =J70+J72 -> 6216888.7
B75: Projected Total Market Size by iResearch (Hardcoded) (million of RMB) | F75: 4400 | G75: 7700 | H75: 12800 | I75: 20200 | J75: 29400 | L75: Only used as a reference
B76: Apparent Market Share of User Management SaaS , China | F76: =F73/1000/F75 -> 0.25229727 | G76: =G73/1000/G75 -> 0.28941477 | H76: =H73/1000/H75 -> 0.26005786 | I76: =I73/1000/I75 -> 0.24649064 | J76: =J73/1000/J75 -> 0.2114588 | L76: Market share seems reasonable
B77: (Used as a reference)

Sheet Cost Build
B2: Cost Build
D4: Historical | G4: Projection Period
B5: Year ended 31st December | D5: 2016A | E5: 2017A | F5: 2018A | G5: 2019F | H5: 2020F | I5: 2021F | J5: 2022F
B7: Revenue | C7: RMB'000 | D7: ='Income Statement'!D7 -> 51138 | E7: ='Income Statement'!E7 -> 645792 | F7: ='Income Statement'!F7 -> 1137032 | G7: ='Income Statement'!G7 -> 2253048.6 | H7: ='Income Statement'!H7 -> 3354795.7 | I7: ='Income Statement'!I7 -> 5006685.3 | J7: ='Income Statement'!J7 -> 6245939.8
B9: Cost of Sales | D9: ='Income Statement'!D10 -> -11102 | E9: ='Income Statement'!E10 -> -403766 | F9: ='Income Statement'!F10 -> -708119 | G9: =-G7*G10 -> -1405907.4 | H9: =-H7*H10 -> -2093400.1 | I9: =-I7*I10 -> -3124182.9 | J9: =-J7*J10 -> -3897480.5
B10: % of revenue | D10: =-D9/D7 -> 0.21709883 | E10: =-E9/E7 -> 0.62522608 | F10: =-F9/F7 -> 0.62277843 | G10: =G31 -> 0.62400225 | H10: =H31 -> 0.62400225 | I10: =I31 -> 0.62400225 | J10: =J31 -> 0.62400225
B12: Other income and gains | D12: ='Income Statement'!D17 -> 663 | E12: ='Income Statement'!E17 -> 3260 | F12: ='Income Statement'!F17 -> 13222 | G12: =-G7*G13 -> -22261.249 | H12: =-H7*H13 -> -33147.064 | I12: =-I7*I13 -> -49468.561 | J12: =-J7*J13 -> -61713.017
B13: % of revenue | D13: =D12/$D$7 -> 0.012964918 | E13: =E12/$E$7 -> 0.005048065 | F13: =F12/$F$7 -> 0.011628521 | G13: =G35 -> 0.0098805013 | H13: =H35 -> 0.0098805013 | I13: =I35 -> 0.0098805013 | J13: =J35 -> 0.0098805013
B15: Selling & distribution expenses | D15: ='Income Statement'!D14 -> -8599 | E15: ='Income Statement'!E14 -> -46026 | F15: ='Income Statement'!F14 -> -107156 | G15: =-G7*G16 -> -250588.05 | H15: =-H7*H16 -> -373126.33 | I15: =-I7*I16 -> -556852.41 | J15: =-J7*J16 -> -694684.5
B16: % of revenue | D16: =-D15/$D$7 -> 0.16815284 | E16: =-E15/$E$7 -> 0.071270626 | F16: =-F15/$F$7 -> 0.094241851 | G16: =G39 -> 0.11122177 | H16: =H39 -> 0.11122177 | I16: =I39 -> 0.11122177 | J16: =J39 -> 0.11122177
B18: Administrative expenses | D18: ='Income Statement'!D15 -> -37517 | E18: ='Income Statement'!E15 -> -82213 | F18: ='Income Statement'!F15 -> -173554 | G18: =-G7*G19 -> -315363.08 | H18: =-H7*H19 -> -469576.53 | I18: =-I7*I19 -> -700794.35 | J18: =-J7*J19 -> -874254.94
B19: % of revenue | D19: =-D18/$D$7 -> 0.7336423 | E19: =-E18/$E$7 -> 0.1273057 | F19: =-F18/$F$7 -> 0.15263774 | G19: =G43 -> 0.13997172 | H19: =H43 -> 0.13997172 | I19: =I43 -> 0.13997172 | J19: =J43 -> 0.13997172
B21: Changes in fair value | D21: ='Income Statement'!D16 -> -84255 | E21: ='Income Statement'!E16 -> -18605 | F21: ='Income Statement'!F16 -> -453592 | G21: =-'Changes in FV'!E13 -> -115139.1 | H21: =-'Changes in FV'!F13 -> -126653.01 | I21: =-'Changes in FV'!G13 -> -139318.31 | J21: =-'Changes in FV'!H13 -> -153250.14
B23: Other expenses | D23: ='Income Statement'!D18 -> 0 | E23: ='Income Statement'!E18 -> -79 | F23: ='Income Statement'!F18 -> -1139 | G23: =-G7*G24 -> -1266.2823 | H23: =-H7*H24 -> -1885.4979 | I23: =-I7*I24 -> -2813.9104 | J23: =-J7*J24 -> -3510.4094
B24: % of revenue | D24: =-D23/$D$7 -> 0 | E24: =-E23/$E$7 -> 0.00012233041 | F24: =-F23/$F$7 -> 0.0010017308 | G24: =G47 -> 0.00056203062 | H24: =H47 -> 0.00056203062 | I24: =I47 -> 0.00056203062 | J24: =J47 -> 0.00056203062
B26: Finance Costs | D26: ='Income Statement'!D19 -> 0 | E26: ='Income Statement'!E19 -> 0 | F26: ='Income Statement'!F19 -> -5772 | G26: =-G7*G27 -> -11437.318 | H26: =-H7*H27 -> -17030.199 | I26: =-I7*I27 -> -25415.808 | J26: =-J7*J27 -> -31706.728
B27: % of revenue | D27: =-D26/$D$7 -> 0 | E27: =-E26/$E$7 -> 0 | F27: =-F26/$F$7 -> 0.0050763743 | G27: =G51 -> 0.0050763743 | H27: =H51 -> 0.0050763743 | I27: =I51 -> 0.0050763743 | J27: =J51 -> 0.0050763743
B29: Cost Assumptions
C30: Bear | G30: 0.7 | H30: =G30 -> 0.7 | I30: =H30 -> 0.7 | J30: =I30 -> 0.7
B31: % of revenue for Cost of Sales | C31: Base | D31: =D10 -> 0.21709883 | E31: =E10 -> 0.62522608 | F31: =F10 -> 0.62277843 | G31: =AVERAGE(E31:F31) -> 0.62400225 | H31: =G31 -> 0.62400225 | I31: =H31 -> 0.62400225 | J31: =I31 -> 0.62400225
C32: Bull | G32: 0.5 | H32: =G32 -> 0.5 | I32: =H32 -> 0.5 | J32: =I32 -> 0.5
C34: Bear | G34: 0 | H34: =G34 -> 0 | I34: =H34 -> 0 | J34: =I34 -> 0
B35: % of revenue for Other Income and Gains | C35: Base | D35: =D13 -> 0.012964918 | E35: =E13 -> 0.005048065 | F35: =F13 -> 0.011628521 | G35: =AVERAGE(D35:F35) -> 0.0098805013 | H35: =G35 -> 0.0098805013 | I35: =H35 -> 0.0098805013 | J35: =I35 -> 0.0098805013
C36: Bull | G36: 0.02 | H36: =G36 -> 0.02 | I36: =H36 -> 0.02 | J36: =I36 -> 0.02
C38: Bear | G38: 0.15 | H38: =G38 -> 0.15 | I38: =H38 -> 0.15 | J38: =I38 -> 0.15
B39: % of revenue for Selling & distribution expenses | C39: Base | D39: =D16 -> 0.16815284 | E39: =E16 -> 0.071270626 | F39: =F16 -> 0.094241851 | G39: =AVERAGE(D39:F39) -> 0.11122177 | H39: =G39 -> 0.11122177 | I39: =H39 -> 0.11122177 | J39: =I39 -> 0.11122177
C40: Bull | G40: 0.05 | H40: =G40 -> 0.05 | I40: =H40 -> 0.05 | J40: =I40 -> 0.05
C42: Bear | G42: 0.2 | H42: =G42 -> 0.2 | I42: =H42 -> 0.2 | J42: =I42 -> 0.2
B43: % of revenue for Administrative expenses | C43: Base | D43: =D19 -> 0.7336423 | E43: =E19 -> 0.1273057 | F43: =F19 -> 0.15263774 | G43: =AVERAGE(E43:F43) -> 0.13997172 | H43: =G43 -> 0.13997172 | I43: =H43 -> 0.13997172 | J43: =I43 -> 0.13997172
C44: Bull | G44: 0.1 | H44: =G44 -> 0.1 | I44: =H44 -> 0.1 | J44: =I44 -> 0.1
C46: Bear | G46: 0.0012 | H46: =G46 -> 0.0012 | I46: =H46 -> 0.0012 | J46: =I46 -> 0.0012
B47: % of revenue for Other expenses | C47: Base | D47: =D24 -> 0 | E47: =E24 -> 0.00012233041 | F47: =F24 -> 0.0010017308 | G47: =AVERAGE(E47:F47) -> 0.00056203062 | H47: =G47 -> 0.00056203062 | I47: =H47 -> 0.00056203062 | J47: =I47 -> 0.00056203062
C48: Bull | G48: 0.0003 | H48: =G48 -> 0.0003 | I48: =H48 -> 0.0003 | J48: =I48 -> 0.0003
C50: Bear | G50: 0.0075 | H50: =G50 -> 0.0075 | I50: =H50 -> 0.0075 | J50: =I50 -> 0.0075
B51: % of revenue for finance costs | C51: Base | D51: =D27 -> 0 | E51: =E27 -> 0 | F51: =F27 -> 0.0050763743 | G51: =F51 -> 0.0050763743 | H51: =G51 -> 0.0050763743 | I51: =H51 -> 0.0050763743 | J51: =I51 -> 0.0050763743
C52: Bull | G52: 0.0025 | H52: =G52 -> 0.0025 | I52: =H52 -> 0.0025 | J52: =I52 -> 0.0025

Sheet OWC
D2: Historical | G2: Projection Period
B3: Year ended 31st December | D3: 2016A | E3: 2017A | F3: 2018A | G3: 2019F | H3: 2020F | I3: 2021F | J3: 2022F
B5: Inventories | D5: ='Balance Sheet'!D16 -> 0 | E5: ='Balance Sheet'!E16 -> 188 | F5: ='Balance Sheet'!F16 -> 0 | G5: =-G6*'Income Statement'!G10/360 -> 256.96765 | H5: =-H6*'Income Statement'!H10/360 -> 382.62556 | I5: =-I6*'Income Statement'!I10/360 -> 571.02903 | J5: =-J6*'Income Statement'!J10/360 -> 712.37011 | L5: COGS. Looks okay
E6: =-AVERAGE(D5:E5)*360/'Income Statement'!E10 -> 0.08381092 | F6: =-AVERAGE(E5:F5)*360/'Income Statement'!F10 -> 0.047788578 | G6: =AVERAGE(E6:F6) -> 0.065799749 | H6: =G6 -> 0.065799749 | I6: =H6 -> 0.065799749 | J6: =I6 -> 0.065799749
B7: Trade receivables | D7: ='Balance Sheet'!D17 -> 4377 | E7: ='Balance Sheet'!E17 -> 14474 | F7: ='Balance Sheet'!F17 -> 114963 | G7: =G8*'Income Statement'!G7/360 -> 80562.324 | H7: =H8*'Income Statement'!H7/360 -> 119957.53 | I7: =I8*'Income Statement'!I7/360 -> 179024.19 | J7: =J8*'Income Statement'!J7/360 -> 223336.25 | L7: Revenue. Looks okay
E8: =AVERAGE(D7:E7)*360/'Income Statement'!E7 -> 5.2542924 | F8: =AVERAGE(E7:F7)*360/'Income Statement'!F7 -> 20.490769 | G8: =AVERAGE(E8:F8) -> 12.872531 | H8: =G8 -> 12.872531 | I8: =H8 -> 12.872531 | J8: =I8 -> 12.872531
B9: Prepayments, deposits and other receivables | D9: ='Balance Sheet'!D18 -> 3402 | E9: ='Balance Sheet'!E18 -> 13819 | F9: ='Balance Sheet'!F18 -> 46570 | G9: =-G10*('Income Statement'!G14+'Income Statement'!G15)/360 -> 49438.352 | H9: =-H10*('Income Statement'!H14+'Income Statement'!H15)/360 -> 73613.848 | I9: =-I10*('Income Statement'!I14+'Income Statement'!I15)/360 -> 109861.05 | J9: =-J10*('Income Statement'!J14+'Income Statement'!J15)/360 -> 137053.85 | L9: SG&A or Revenue. SG&A chosen
E10: =-AVERAGE(D9:E9)*360/('Income Statement'!E14+'Income Statement'!E15) -> 24.171898 | F10: =-AVERAGE(E9:F9)*360/('Income Statement'!F14+'Income Statement'!F15) -> 38.723309 | G10: =AVERAGE(E10:F10) -> 31.447603 | H10: =G10 -> 31.447603 | I10: =H10 -> 31.447603 | J10: =I10 -> 31.447603
B12: Trade payables | D12: ='Balance Sheet'!D27 -> 4915 | E12: ='Balance Sheet'!E27 -> 93087 | F12: ='Balance Sheet'!F27 -> 63209 | G12: =-G13*'Income Statement'!G10/360 -> 117158.95 | H12: =-H13*'Income Statement'!H10/360 -> 174450.01 | I12: =-I13*'Income Statement'!I10/360 -> 260348.58 | J12: =-J13*'Income Statement'!J10/360 -> 324790.04 | L12: COGS | M12: Average of 41 seems too high
E13: =-AVERAGE(D12:E12)*360/'Income Statement'!E10 -> 43.689563 | F13: =-AVERAGE(E12:F12)*360/'Income Statement'!F10 -> 39.729593 | G13: 30 | H13: =G13 -> 30 | I13: =H13 -> 30 | J13: =I13 -> 30 | M13: 30 useed
B14: Contract liabilities | D14: ='Balance Sheet'!D29 -> 0 | E14: ='Balance Sheet'!E29 -> 27522 | F14: ='Balance Sheet'!F29 -> 20657 | G14: =-G15*('Income Statement'!G14+'Income Statement'!G15)/360 -> 54649.309 | H14: =-H15*('Income Statement'!H14+'Income Statement'!H15)/360 -> 81372.977 | I14: =-I15*('Income Statement'!I14+'Income Statement'!I15)/360 -> 121440.74 | J14: =-J15*('Income Statement'!J14+'Income Statement'!J15)/360 -> 151499.75 | L14: SG&A
E15: =-AVERAGE(D14:E14)*360/('Income Statement'!E14+'Income Statement'!E15) -> 38.630682 | F15: =-AVERAGE(E14:F14)*360/('Income Statement'!F14+'Income Statement'!F15) -> 30.893876 | G15: =AVERAGE(E15:F15) -> 34.762279 | H15: =G15 -> 34.762279 | I15: =H15 -> 34.762279 | J15: =I15 -> 34.762279
B16: Advances from customers, other payables and accruals | D16: ='Balance Sheet'!D28 -> 32726 | E16: ='Balance Sheet'!E28 -> 90195 | F16: ='Balance Sheet'!F28 -> 88443 | G16: =-G17*'Income Statement'!G10/360 -> 156211.93 | H16: =-H17*'Income Statement'!H10/360 -> 232600.01 | I16: =-I17*'Income Statement'!I10/360 -> 347131.43 | J16: =-J17*'Income Statement'!J10/360 -> 433053.39 | L16: COGS | M16: Average of 50 seems too high
E17: =-AVERAGE(D16:E16)*360/'Income Statement'!E10 -> 54.798522 | F17: =-AVERAGE(E16:F16)*360/'Income Statement'!F10 -> 45.408808 | G17: 40 | H17: =G17 -> 40 | I17: =H17 -> 40 | J17: =I17 -> 40 | M17: 40 used
B19: Total Working Capital | D19: =D5+D7+D9-D12-D14-D16 -> -29862 | E19: =E5+E7+E9-E12-E14-E16 -> -182323 | F19: =F5+F7+F9-F12-F14-F16 -> -10776 | G19: =G5+G7+G9-G12-G14-G16 -> -197762.54 | H19: =H5+H7+H9-H12-H14-H16 -> -294468.99 | I19: =I5+I7+I9-I12-I14-I16 -> -439464.48 | J19: =J5+J7+J9-J12-J14-J16 -> -548240.71
B20: Total Changes in Working Capital | E20: =E19-D19 -> -152461 | F20: =F19-E19 -> 171547 | G20: =G19-F19 -> -186986.54 | H20: =H19-G19 -> -96706.449 | I20: =I19-H19 -> -144995.49 | J20: =J19-I19 -> -108776.23

Sheet Debt Schedule
D2: Historical | G2: Projection Period
B3: Year ended 31st December | D3: 2016A | E3: 2017A | F3: 2018A | G3: 2019F | H3: 2020F | I3: 2021F | J3: 2022F
B5: Cash available to pay down debt
B6: Cash at beginning of year | G6: =F14 -> 281565 | H6: =G14 -> 452492.54 | I6: =H14 -> 659894.83 | J6: =I14 -> 1075983.6
B7: Cash flow before debt paydown | G7: ='Cash Flow Statement'!G34+'Cash Flow Statement'!G45+'Cash Flow Statement'!G54+'Cash Flow Statement'!G58 -> 170927.54 | H7: ='Cash Flow Statement'!H34+'Cash Flow Statement'!H45+'Cash Flow Statement'!H54+'Cash Flow Statement'!H58 -> 207402.29 | I7: ='Cash Flow Statement'!I34+'Cash Flow Statement'!I45+'Cash Flow Statement'!I54+'Cash Flow Statement'!I58 -> 416088.81 | J7: ='Cash Flow Statement'!J34+'Cash Flow Statement'!J45+'Cash Flow Statement'!J54+'Cash Flow Statement'!J58 -> 472294.11
B8: Total cash available to pay down debt | G8: =SUM(G6:G7) -> 452492.54 | H8: =SUM(H6:H7) -> 659894.83 | I8: =SUM(I6:I7) -> 1075983.6 | J8: =SUM(J6:J7) -> 1548277.8
B10: Total issuances / (retirements) | G10: 0 | H10: 0 | I10: 0 | J10: 0
B12: Total interest expense | G12: 0 | H12: 0 | I12: 0 | J12: 0
B14: Cash at the end of the year | D14: ='Balance Sheet'!D21 -> 20852 | E14: ='Balance Sheet'!E21 -> 90790 | F14: ='Balance Sheet'!F21 -> 281565 | G14: =G8+G10+G12 -> 452492.54 | H14: =H8+H10+H12 -> 659894.83 | I14: =I8+I10+I12 -> 1075983.6 | J14: =J8+J10+J12 -> 1548277.8
B15: Interest income | D15: ='Cash Flow Statement'!D31 -> 52 | E15: ='Cash Flow Statement'!E31 -> 112 | F15: ='Cash Flow Statement'!F31 -> 2462 | G15: =G14*G16 -> 2262.4627 | H15: =H14*H16 -> 3299.4741 | I15: =I14*I16 -> 5379.9182 | J15: =J14*J16 -> 7741.3888
B16: Interest rate | D16: =D15/D14 -> 0.0024937656 | E16: =E15/E14 -> 0.001233616 | F16: =F15/F14 -> 0.0087439845 | G16: 0.005 | H16: 0.005 | I16: 0.005 | J16: 0.005

Sheet PPE Schedule
B2: PPE Schedule
D4: Historical | G4: Projection Period
B5: Year ended 31st December | D5: 2016A | E5: 2017A | F5: 2018A | G5: 2019F | H5: 2020F | I5: 2021F | J5: 2022F | L5: Notes
B7: Revenue | D7: ='Income Statement'!D7 -> 51138 | E7: ='Income Statement'!E7 -> 645792 | F7: ='Income Statement'!F7 -> 1137032 | G7: ='Income Statement'!G7 -> 2253048.6 | H7: ='Income Statement'!H7 -> 3354795.7 | I7: ='Income Statement'!I7 -> 5006685.3 | J7: ='Income Statement'!J7 -> 6245939.8
B8: Purchases of items for PPE | D8: =-'Cash Flow Statement'!D38 -> 1883 | E8: =-'Cash Flow Statement'!E38 -> 2910 | F8: =-'Cash Flow Statement'!F38 -> 9367 | G8: =G24 -> 14189.809 | H8: =H24 -> 21128.666 | I8: =I24 -> 31532.346 | J8: =J24 -> 39337.231
B9: CAPEX as a % of Revenue | D9: =D8/D7 -> 0.036821933 | E9: =E8/E7 -> 0.0045060948 | F9: =F8/F7 -> 0.0082381147 | G9: =G8/G7 -> 0.0062980484 | H9: =H8/H7 -> 0.0062980484 | I9: =I8/I7 -> 0.0062980484 | J9: =J8/J7 -> 0.0062980484
B11: Gross PPE
B12: Leasehold improvements | D12: 504 | E12: 853 | F12: =E12+F20 -> 5691 | G12: =F12+G20 -> 11093.088 | H12: =G12+H20 -> 19136.814 | I12: =H12+I20 -> 31141.241 | J12: =I12+J20 -> 46117.003
B13: Plant and machinery | D13: 0 | E13: 370 | F13: 0 | G13: =F13+G21 -> 1182.4219 | H13: =G13+H21 -> 2943.0514 | I13: =H13+I21 -> 5570.6088 | J13: =I13+J21 -> 8848.539 | L13: 2017 Disposed
B14: Office Equipment | D14: 1730 | E14: 3472 | F14: 6474 | G14: =F14+G22 -> 14079.299 | H14: =G14+H22 -> 25403.61 | I14: =H14+I22 -> 42303.972 | J14: =I14+J22 -> 63387.51
B15: Motor Vehicles | D15: 359 | E15: 359 | F15: =E15+F23 -> 359 | G15: =F15+G23 -> 359 | H15: =G15+H23 -> 359 | I15: =H15+I23 -> 359 | J15: =I15+J23 -> 359
B16: Total Gross PPE | D16: =SUM(D12:D15) -> 2593 | E16: =SUM(E12:E15) -> 5054 | F16: =SUM(F12:F15) -> 12524 | G16: =SUM(G12:G15) -> 26713.809 | H16: =SUM(H12:H15) -> 47842.475 | I16: =SUM(I12:I15) -> 79374.821 | J16: =SUM(J12:J15) -> 118712.05
B17: Growth in PPE | E17: =(E16-D16)/D16 -> 0.94909371 | F17: =(F16-E16)/E16 -> 1.4780372 | G17: =(G16-F16)/F16 -> 1.1330093 | H17: =(H16-G16)/G16 -> 0.79092675 | I17: =(I16-H16)/H16 -> 0.65908686 | J17: =(J16-I16)/I16 -> 0.49558828
B19: CAPEX by segment
B20: Leasehold improvements | D20: 369 | E20: 349 | F20: 4838 | G20: =$G$7*G27 -> 5402.0884 | H20: =$H$7*H27 -> 8043.7251 | I20: =$I$7*I27 -> 12004.427 | J20: =$J$7*J27 -> 14975.762
B21: Plant and machinery | D21: 0 | E21: 370 | F21: 542 | G21: =$G$7*G28 -> 1182.4219 | H21: =$H$7*H28 -> 1760.6296 | I21: =$I$7*I28 -> 2627.5573 | J21: =$J$7*J28 -> 3277.9302
B22: Office Equipment | D22: 1525 | E22: 1942 | F22: 4257 | G22: =$G$7*G29 -> 7605.2985 | H22: =$H$7*H29 -> 11324.311 | I22: =$I$7*I29 -> 16900.362 | J22: =$J$7*J29 -> 21083.539
B23: Motor Vehicles | D23: 0 | E23: 0 | F23: 0 | G23: =$G$7*G30 -> 0 | H23: =$H$7*H30 -> 0 | I23: =$I$7*I30 -> 0 | J23: =$J$7*J30 -> 0
B24: Total Capex | D24: =SUM(D20:D23) -> 1894 | E24: =SUM(E20:E23) -> 2661 | F24: =SUM(F20:F23) -> 9637 | G24: =SUM(G20:G23) -> 14189.809 | H24: =SUM(H20:H23) -> 21128.666 | I24: =SUM(I20:I23) -> 31532.346 | J24: =SUM(J20:J23) -> 39337.231
B26: Capex % of Revenue
B27: Leasehold improvements | D27: =D20/D7 -> 0.0072157691 | E27: =E20/E7 -> 0.00054042168 | F27: =F20/F7 -> 0.0042549374 | G27: =AVERAGE(E27:F27) -> 0.0023976795 | H27: =G27 -> 0.0023976795 | I27: =H27 -> 0.0023976795 | J27: =I27 -> 0.0023976795 | L27: Operating Assumptions. Could be higher
B28: Plant and machinery | D28: =D21/D7 -> 0 | E28: =E21/E7 -> 0.00057293989 | F28: =F21/F7 -> 0.00047667964 | G28: =AVERAGE(E28:F28) -> 0.00052480977 | H28: =G28 -> 0.00052480977 | I28: =H28 -> 0.00052480977 | J28: =I28 -> 0.00052480977 | L28: Operating Assumptions. Could be lowered
B29: Office Equipment | D29: =D22/D7 -> 0.029821268 | E29: =E22/E7 -> 0.0030071602 | F29: =F22/F7 -> 0.003743958 | G29: =AVERAGE(E29:F29) -> 0.0033755591 | H29: =G29 -> 0.0033755591 | I29: =H29 -> 0.0033755591 | J29: =I29 -> 0.0033755591 | L29: Operating Assumptions
B30: Motor Vehicles | D30: =D23/D7 -> 0 | E30: =E23/E7 -> 0 | F30: =F23/F7 -> 0 | G30: =AVERAGE(E30:F30) -> 0 | H30: =G30 -> 0 | I30: =H30 -> 0 | J30: =I30 -> 0 | L30: Operating Assumptions. Might need to increase sometime. However the PPE is very small
B32: Depriciable Years
B33: Leasehold improvements | D33: % | E33: 0.5 | F33: Years | G33: =1/E33 -> 2
B34: Plant and machinery | D34: % | E34: 0.3167 | F34: Years | G34: =1/E34 -> 3.1575624
B35: Office Equipment | D35: % | E35: 0.3167 | F35: Years | G35: =1/E35 -> 3.1575624
B36: Motor Vehicles | D36: % | E36: 0.095 | F36: Years | G36: =1/E36 -> 10.526316
B37: [Straight-line basis]
B39: Depreciation Schedule
B40: Leasehold improvements
B41: Original Balance | G41: =F12/G33 -> 2845.5 | H41: =G41 -> 2845.5 | I41: 0 | J41: 0 | L41: Looks wrong. Afraid it wont balance. Its close. Just bring depre forward
B42: Year 1 | H42: =G20/G33 -> 2701.0442 | I42: =H42 -> 2701.0442 | J42: 0
B43: Year 2 | I43: =H20/G33 -> 4021.8626 | J43: =I43 -> 4021.8626
B44: Year 3 | J44: =I20/G33 -> 6002.2135
B45: Year 4
B47: Plant and machinery
B48: Original Balance | G48: =(F21/G34) -> 171.6514 | H48: =G48 -> 171.6514 | I48: =H48 -> 171.6514 | J48: 0
B49: Year 1 | H49: =G21/G34 -> 374.47301 | I49: =H49 -> 374.47301 | J49: =I49 -> 374.47301
B50: Year 2 | I50: =H21/G34 -> 557.59138 | J50: =I50 -> 557.59138
B51: Year 3 | J51: =I13/G34 -> 1764.2118
B52: Year 4
B54: Office Equipment
B55: Original Balance | G55: =(F14/G35) -> 2050.3158 | H55: =G55 -> 2050.3158 | I55: =H55 -> 2050.3158 | J55: 0
B56: Year 1 | H56: =G22/G35 -> 2408.598 | I56: =H56 -> 2408.598 | J56: =I56 -> 2408.598
B57: Year 2 | I57: =H22/G35 -> 3586.4094 | J57: =I57 -> 3586.4094
B58: Year 3 | J58: =I22/G35 -> 5352.3446
B59: Year 4
B61: Motor Vehicles
B62: Original Balance | G62: 34 | H62: 34 | I62: 34 | J62: 34
B64: Total Depreciation | D64: ='Cash Flow Statement'!D14 -> 405 | E64: ='Cash Flow Statement'!E14 -> 1029 | F64: ='Cash Flow Statement'!F14 -> 3081 | G64: =SUM(G41:G62) -> 5101.4672 | H64: =SUM(H41:H62) -> 10585.582 | I64: =SUM(I41:I62) -> 15905.946 | J64: =SUM(J41:J62) -> 24101.704
B66: Net PPE | D66: ='Balance Sheet'!D8 -> 2042 | E66: ='Balance Sheet'!E8 -> 3600 | F66: ='Balance Sheet'!F8 -> 8930 | G66: =F66+G24-G64 -> 18018.342 | H66: =G66+H24-H64 -> 28561.425 | I66: =H66+I24-I64 -> 44187.826 | J66: =I66+J24-J64 -> 59423.352
B68: Assummption: No disposals during forecasted period
B69: Some differences during actual period are due to disposals. Numbers reflected are correct.

Sheet Tax Breakdown
B2: Tax Assumptions
B4: We have assumed a 12.5% tax rate, see point (4). Before returning to full tax rate at 25% three years later
B6: Tax Details
B7: 1) Company is not subject to any income tax in the Cayman Islands
B8: 2) Hong Kong profits tax has been provided at the rate of 16.5%
B9: 3) PRC subsidiaries were subject to income tax at a statutory rate of 25% for the year on their respective taxable income except for HZ Duiba and HZ Tuia
B10: 4) HZ Duiba and HZ Tuia were certified as Software Enterprises and are exempted from income tax for two years starting from the first year in which they generate taxable profit.
B11: followed by a 50% reduction for the next three years.
B12: HZ Duiba was subject to income tax at a statutory rate of 25% for the year ended 2015
B13: 5) HZ Duiba was qualified as a High and New Technology Enterprise and was subject to a preferential income tax rate of 15% for the year ended 31 December 2016.
B14: 6) HZ Duiba and HZ Tuia were exempted from income tax for the years ended 31 December 2017 and 2018
B15: Page I-45
B17: Attempt at finding tax rate below (hidden)
B19: Year ended 31 December | C19: Notes
B20: Profit before tax | C20: Given / Projected
B21: Tax at the tax rate of 25% | C21: Constant
B22: Effect of tax rate differences in other jurisdictions
B23: Effect of preferential lower tax rates entitled | C23: HZ Duiba qualified as a High and New Technology Enterprise. 15%
B24: Expenses not deductible for tax
B25: Effect on different of tax rate between current tax and deferred tax
B26: Effect of tax concessions
B27: Tax losses not recognised
B28: Income tax [ Charge / (Credit) ]
B29: % of revenue

Sheet Changes in FV
B2: Fair Value of Liabilities at Profit or Loss
B4: Operating Assumptions | K4: Is this even proper
D5: Historical | E5: Projection Period
B6: Year ended 31st December | D6: 2018A | E6: 2019F | F6: 2020F | G6: 2021F | H6: 2022F | J6: Notes
B7: Fair Value of Series C shares | D7: =G26 -> 754952 | E7: =D7*(1+E8) -> 830447.2 | F7: =E7*(1+F8) -> 913491.92 | G7: =F7*(1+G8) -> 1004841.1 | H7: =G7*(1+H8) -> 1105325.2
B8: Growth rate of 10% assumed | E8: 0.1 | F8: 0.1 | G8: 0.1 | H8: 0.1 | J8: Given the data we currently have of the markets, this is highly unlikely.
B9: Changes in FV of Series C shares | E9: =E7-D7 -> 75495.2 | F9: =F7-E7 -> 83044.72 | G9: =G7-F7 -> 91349.192 | H9: =H7-G7 -> 100484.11
B10: Fair Value of Series Angel shares | D10: =H26 -> 396439 | E10: =D10*(1+E11) -> 436082.9 | F10: =E10*(1+F11) -> 479691.19 | G10: =F10*(1+G11) -> 527660.31 | H10: =G10*(1+H11) -> 580426.34 | J10: The firm's stock price has been dropping
B11: Growth rate of 10% assumed | E11: 0.1 | F11: 0.1 | G11: 0.1 | H11: 0.1
B12: Change in Fair Value of Series Angel shares | E12: =E10-D10 -> 39643.9 | F12: =F10-E10 -> 43608.29 | G12: =G10-F10 -> 47969.119 | H12: =H10-G10 -> 52766.031
B13: Total Change in fair value | E13: =E9+E12 -> 115139.1 | F13: =F9+F12 -> 126653.01 | G13: =G9+G12 -> 139318.31 | H13: =H9+H12 -> 153250.14
D15: Series Seed | E15: Series A | F15: Series B | G15: Series C | H15: Series Angel | J15: Notes
B16: As at 31 December 2017 | D16: 35758 | E16: 44545 | F16: 64377 | G16: - | H16: -
B17: Changes in fair value | D17: 42229 | E17: 47660 | F17: 51490 | G17: - | H17: -
B18: Total | D18: =SUM(D16:D17) -> 77987 | E18: =SUM(E16:E17) -> 92205 | F18: =SUM(F16:F17) -> 115867 | G18: 0 | H18: 312213 | J18: I don’t get this
B20: Conversion of preferred to ordinary | D20: -33405 | E20: -41159 | F20: -79480 | J20: They converted some of the Series Seed, A & B shares to ordinary [Equity transfer agreements]
B21: Issued preference | G21: 705584 | H21: 6421 | J21: They issued some shares [Raised Equity]
B22: Replacement of Series Angel | D22: -44582 | E22: -51046 | F22: -36387 | H22: 132015 | J22: This means they replaced some Series Seed, A & B shares to Series Angel shares [Equity transfer agreements]
B23: Repurchase of preferred shares | H23: -64144 | J23: Repurchase
B24: Currency Translation difference | D24: N/A | E24: N/A | F24: N/A | G24: 49368 | H24: 9934 | J24: FX
B26: As at 31 December 2018 | D26: Terminated | E26: Terminated | F26: Terminated | G26: =G18+SUM(G20:G24) -> 754952 | H26: =H18+SUM(H20:H24) -> 396439

Sheet Financial Analysis
B2: Financial Analysis
D4: Historical | G4: Projection Period
B5: Year ended 31st December | D5: 2016A | E5: 2017A | F5: 2018A | G5: 2019F | H5: 2020F | I5: 2021F | J5: 2022F
B7: Revenue | C7: RMB'000 | D7: ='Income Statement'!D7 -> 51138 | E7: ='Income Statement'!E7 -> 645792 | F7: ='Income Statement'!F7 -> 1137032 | G7: ='Income Statement'!G7 -> 2253048.6 | H7: ='Income Statement'!H7 -> 3354795.7 | I7: ='Income Statement'!I7 -> 5006685.3 | J7: ='Income Statement'!J7 -> 6245939.8
B9: Cost of Sales | D9: ='Income Statement'!D10 -> -11102 | E9: ='Income Statement'!E10 -> -403766 | F9: ='Income Statement'!F10 -> -708119 | G9: ='Income Statement'!G10 -> -1405907.4 | H9: ='Income Statement'!H10 -> -2093400.1 | I9: ='Income Statement'!I10 -> -3124182.9 | J9: ='Income Statement'!J10 -> -3897480.5
B10: Gross Profit | D10: ='Income Statement'!D11 -> 40036 | E10: ='Income Statement'!E11 -> 242026 | F10: ='Income Statement'!F11 -> 428913 | G10: ='Income Statement'!G11 -> 847141.18 | H10: ='Income Statement'!H11 -> 1261395.6 | I10: ='Income Statement'!I11 -> 1882502.4 | J10: ='Income Statement'!J11 -> 2348459.3
B11: Gross Margin | D11: =D10/D7 -> 0.78290117 | E11: =E10/E7 -> 0.37477392 | F11: =F10/F7 -> 0.37722157 | G11: =G10/G7 -> 0.37599775 | H11: =H10/H7 -> 0.37599775 | I11: =I10/I7 -> 0.37599775 | J11: =J10/J7 -> 0.37599775
B13: Operating Profit | D13: ='Income Statement'!D21 -> -89672 | E13: ='Income Statement'!E21 -> 98363 | F13: ='Income Statement'!F21 -> -299078 | G13: ='Income Statement'!G21 -> 131086.1 | H13: ='Income Statement'!H21 -> 239977.01 | I13: ='Income Statement'!I21 -> 407839.03 | J13: ='Income Statement'!J21 -> 529339.56
B14: Operating Margin | D14: =D13/D7 -> -1.7535297 | E14: =E13/E7 -> 0.15231375 | F14: =F13/F7 -> -0.26303393 | G14: =G13/G7 -> 0.058181656 | H14: =H13/H7 -> 0.071532525 | I14: =I13/I7 -> 0.081458891 | J14: =J13/J7 -> 0.084749386
B16: Net Income | D16: ='Income Statement'!D24 -> -87439 | E16: ='Income Statement'!E24 -> 98108 | F16: ='Income Statement'!F24 -> -291582 | G16: ='Income Statement'!G24 -> 114700.33 | H16: ='Income Statement'!H24 -> 209979.88 | I16: ='Income Statement'!I24 -> 356859.15 | J16: ='Income Statement'!J24 -> 397004.67
B17: Net Profit Margin | D17: =D16/D7 -> -1.7098635 | E17: =E16/E7 -> 0.15191888 | F17: =F16/F7 -> -0.25644133 | G17: =G16/G7 -> 0.050908949 | H17: =H16/H7 -> 0.062590959 | I17: =I16/I7 -> 0.07127653 | J17: =J16/J7 -> 0.063562039
B19: Total Depreciation | D19: ='PPE Schedule'!D64 -> 405 | E19: ='PPE Schedule'!E64 -> 1029 | F19: ='PPE Schedule'!F64 -> 3081 | G19: ='PPE Schedule'!G64 -> 5101.4672 | H19: ='PPE Schedule'!H64 -> 10585.582 | I19: ='PPE Schedule'!I64 -> 15905.946 | J19: ='PPE Schedule'!J64 -> 24101.704
B20: EBITDA | D20: ='Income Statement'!D21+'Financial Analysis'!D19 -> -89267 | E20: ='Income Statement'!E21+'Financial Analysis'!E19 -> 99392 | F20: ='Income Statement'!F21+'Financial Analysis'!F19 -> -295997 | G20: ='Income Statement'!G21+'Financial Analysis'!G19 -> 136187.56 | H20: ='Income Statement'!H21+'Financial Analysis'!H19 -> 250562.59 | I20: ='Income Statement'!I21+'Financial Analysis'!I19 -> 423744.98 | J20: ='Income Statement'!J21+'Financial Analysis'!J19 -> 553441.27
B21: EBITDA Margin | D21: =D20/D7 -> -1.7456099 | E21: =E20/E7 -> 0.15390714 | F21: =F20/F7 -> -0.26032425 | G21: =G20/G7 -> 0.060445907 | H21: =H20/H7 -> 0.074687883 | I21: =I20/I7 -> 0.084635833 | J21: =J20/J7 -> 0.088608165
B23: Total current assets | D23: ='Balance Sheet'!D22 -> 66059 | E23: ='Balance Sheet'!E22 -> 356041 | F23: ='Balance Sheet'!F22 -> 869270 | G23: ='Balance Sheet'!G22 -> 1211422.2 | H23: ='Balance Sheet'!H22 -> 1635020.8 | I23: ='Balance Sheet'!I22 -> 2249111.9 | J23: ='Balance Sheet'!J22 -> 2845552.2
B24: Total current liabilities | D24: ='Balance Sheet'!D30 -> 37641 | E24: ='Balance Sheet'!E30 -> 210804 | F24: ='Balance Sheet'!F30 -> 172309 | G24: ='Balance Sheet'!G30 -> 328020.19 | H24: ='Balance Sheet'!H30 -> 488423 | I24: ='Balance Sheet'!I30 -> 728920.75 | J24: ='Balance Sheet'!J30 -> 909343.18
B25: Current Ratio | D25: =D23/D24 -> 1.7549746 | E25: =E23/E24 -> 1.688967 | F25: =F23/F24 -> 5.0448322 | G25: =G23/G24 -> 3.693133 | H25: =H23/H24 -> 3.3475509 | I25: =I23/I24 -> 3.0855369 | J25: =J23/J24 -> 3.1292391

Sheet Trading Comparables
B2: List of Chosen Peers
I4: Liquidity | K4: ROI | M4: Profitability | P4: Solvency
B5: Name | C5: Symbol | D5: Last Price | E5: P/E(x) | F5: Market Cap | G5: Revenue | H5: R. Growth YOY | I5: Cur. R. (X) | J5: Quick R. (X) | K5: ROA | L5: ROE | M5: GP Margin | O5: NP Margin | P5: Debt/Equity | Q5: Yr end
B6: DUIBA | C6: 01753.HK | D6: 4.56 | E6: N/A | F6: 5.07B | G6: 1B | H6: 1 | I6: 5.04 | J6: N/A | K6: N/A | L6: N/A | M6: N/A | N6: =-26.3% -> -0.263 | O6: -0.2564 | P6: N/A
B7: SINO-I TECH | C7: 00250.HK | D7: 0.064 | E7: 3.37 | F7: 1.39B | G7: 1.01B | H7: 0.21507 | I7: 2.77 | J7: 2.77 | K7: 0.1804 | L7: 0.2452 | M7: 0.8438 | N7: -0.00484 | O7: 0.3728 | P7: 0 | Q7: 2018/12
B8: PAX GLOBAL | C8: 00327.HK | D8: 3.2 | E8: 6.74 | F8: 3.52B | G8: 4.42B | H8: 0.22955 | I8: 3.47 | J8: 2.7 | K8: 0.0905 | L8: 0.1232 | M8: 0.3684 | N8: 0.14478 | O8: 0.1183 | P8: 0.0019 | Q8: 2018/12
B9: BOYAA | C9: 00434.HK | D9: 1.87 | E9: 5.48 | F9: 1.35B | G9: 516.05M | H9: -0.41485 | I9: 7.22 | J9: 7.22 | K9: 0.0797 | L9: 0.089 | M9: 0.6729 | N9: 0.4108 | O9: 0.4447 | P9: N/A | Q9: 2018/12
A10: ! | B10: PACIFIC ONLINE | C10: 00543.HK | D10: 1.52 | E10: 11.3 | F10: 1.72B | G10: 1.16B | H10: 0.00795 | I10: 2.56 | J10: 2.56 | K10: 0.0941 | L10: 0.1335 | M10: 0.5682 | N10: 0.14976 | O10: 0.1298 | P10: N/A | Q10: 2018/12
B11: LEYOU TECH H | C11: 01089.HK | D11: 2.3 | E11: 43.82 | F11: 7.09B | G11: 1.78B | H11: 0.36925 | I11: 1.5 | J11: 1.5 | K11: 0.0657 | L11: 0.0899 | M11: 0.6213 | N11: 0.36179 | O11: 0.0896 | P11: 0.1861 | Q11: 2018/12
B12: IDREAMSKY | C12: 01119.HK | D12: 5.18 | E12: 19.78 | F12: 6.58B | G12: 2.69B | H12: N/A | I12: 1.42 | J12: 1.42 | K12: 0.0439 | L12: 0.0788 | M12: 0.4393 | N12: 0.13929 | O12: 0.1042 | P12: 0.3563 | Q12: 2018/12
B13: MEITU | C13: 01357.HK | D13: 2.6 | E13: N/A | F13: 10.94B | G13: 3.18B | H13: -0.40961 | I13: 4.23 | J13: 3.87 | K13: -0.2465 | L13: -0.3266 | M13: 0.1538 | N13: -0.36278 | O13: -0.4494 | P13: 0.0026 | Q13: 2018/12
B14: TIANGE | C14: 01980.HK | D14: 2.19 | E14: 11.18 | F14: 2.75B | G14: 856.15M | H14: -0.22037 | I14: 7.93 | J14: 7.93 | K14: 0.0692 | L14: 0.0771 | M14: 0.9132 | N14: 0.67863 | O14: 0.2903 | P14: N/A | Q14: 2018/12
B15: DIGIT HOLLYWOOD | C15: 02022.HK | D15: 0.24 | E15: 61.27 | F15: 480.00M | G15: 189.28M | H15: -0.15365 | I15: 4.95 | J15: 4.95 | K15: 0.0147 | L15: 0.0176 | M15: 0.5512 | N15: 0.08663 | O15: 0.0388 | P15: N/A | Q15: 2018/12
B16: BAIOO | C16: 02100.HK | D16: 0.465 | E16: 9.89 | F16: 1.30B | G16: 323.92M | H16: -0.12754 | I16: 13.73 | J16: 13.71 | K16: 0.0675 | L16: 0.0735 | M16: 0.6035 | N16: 0.37509 | O16: 0.394 | P16: 0 | Q16: 2018/12
B17: HC GROUP | C17: 02280.HK | D17: 3.11 | E17: 11.09 | F17: 3.49B | G17: 12.05B | H17: 1.71463 | I17: 1.54 | J17: 1.35 | K17: 0.0314 | L17: 0.0635 | M17: 0.1197 | N17: 0.03655 | O17: 0.026 | P17: 0.5198 | Q17: 2018/12
B18: VOBILE GROUP | C18: 03738.HK | D18: 2.64 | E18: N/A | F18: 1.12B | G18: 119.27M | H18: -0.02566 | I18: 4.1 | J18: 4.1 | K18: -0.0492 | L18: -0.0571 | M18: 0.8029 | N18: -0.16578 | O18: -0.1643 | P18: N/A | Q18: 2018/12
B19: FINGERTANGO | C19: 06860.HK | D19: 1.46 | E19: 13.76 | F19: 2.89B | G19: 1.24B | H19: N/A | I19: 5.08 | J19: 5.08 | K19: 0.0959 | L19: 0.1165 | M19: 0.5909 | N19: 0.15469 | O19: 0.1433 | P19: N/A | Q19: 2018/12
B20: FIRE ROCK | C20: 08345.HK | D20: 5.9 | E20: 18.45 | F20: 1.89B | G20: 182.97M | H20: 0.9005 | I20: 16.61 | J20: 16.61 | K20: 0.4214 | L20: 0.4676 | M20: 0.897 | N20: 0.74392 | O20: 0.5592 | P20: N/A | Q20: 2018/12
B22: Full List of Unfiltered Peers
I24: Liquidity | K24: ROI | M24: Profitability | P24: Solvency
B25: Name | C25: Symbol | D25: Last Price | E25: P/E(x) | F25: Market Cap | G25: Revenue | H25: R. Growth YOY | I25: Cur. R. (X) | J25: Quick R. (X) | K25: ROA | L25: ROE | M25: GP Margin | N25: Operating P. Margin | O25: NP Margin | P25: Debt/Equity | Q25: Yr end
B26: HENGTEN NET | C26: 00136.HK | D26: 0.181 | E26: 102.89 | F26: 13.50B | G26: 568.64M | H26: 0.81204 | I26: 4.12 | J26: 3.99 | K26: 0.0869 | L26: 0.1196 | M26: 0.7161 | N26: 0.26963 | O26: 0.2493 | P26: 0.051 | Q26: 2018/12
B27: SINO-I TECH | C27: 00250.HK | D27: 0.064 | E27: 3.37 | F27: 1.39B | G27: 1.01B | H27: 0.21507 | I27: 2.77 | J27: 2.77 | K27: 0.1804 | L27: 0.2452 | M27: 0.8438 | N27: -0.00484 | O27: 0.3728 | P27: 0 | Q27: 2018/12
B28: PAX GLOBAL | C28: 00327.HK | D28: 3.2 | E28: 6.74 | F28: 3.52B | G28: 4.42B | H28: 0.22955 | I28: 3.47 | J28: 2.7 | K28: 0.0905 | L28: 0.1232 | M28: 0.3684 | N28: 0.14478 | O28: 0.1183 | P28: 0.0019 | Q28: 2018/12
B29: SMARTAC GP CH | C29: 00395.HK | D29: 0.345 | E29: N/A | F29: 1.94B | G29: 19.76M | H29: 0.05034 | I29: 6.75 | J29: 6.71 | K29: -0.1502 | L29: -0.2056 | M29: 0.8614 | N29: -3.66594 | O29: -3.2662 | P29: 0.0326 | Q29: 2018/12
B30: COGOBUY | C30: 00400.HK | D30: 2.37 | E30: 10.36 | F30: 3.45B | G30: 6.30B | H30: -0.45323 | I30: 2.89 | J30: 2.38 | K30: 0.0491 | L30: 0.072 | M30: 0.0771 | N30: 0.02257 | O30: 0.053 | P30: 0.2763 | Q30: 2018/12
B31: BOYAA | C31: 00434.HK | D31: 1.87 | E31: 5.48 | F31: 1.35B | G31: 516.05M | H31: -0.41485 | I31: 7.22 | J31: 7.22 | K31: 0.0797 | L31: 0.089 | M31: 0.6729 | N31: 0.4108 | O31: 0.4447 | P31: N/A | Q31: 2018/12
B32: FORGAME | C32: 00484.HK | D32: 5.76 | E32: 10.89 | F32: 977.40M | G32: 369.18M | H32: -0.11121 | I32: 6.27 | J32: 6.27 | K32: -0.2879 | L32: -0.352 | M32: 0.735 | N32: 0.05165 | O32: -0.8786 | P32: N/A | Q32: 2018/12
B33: TRADELINK | C33: 00536.HK | D33: 1.23 | E33: 10.89 | F33: 977.40M | G33: 287.49M | H33: 0.10493 | I33: 0.96 | J33: 0.96 | K33: 0.1624 | L33: 0.2559 | M33: 1 | N33: 0.38527 | O33: 0.3301 | P33: N/A | Q33: 2018/12
B34: PACIFIC ONLINE | C34: 00543.HK | D34: 1.52 | E34: 11.3 | F34: 1.72B | G34: 1.16B | H34: 0.00795 | I34: 2.56 | J34: 2.56 | K34: 0.0941 | L34: 0.1335 | M34: 0.5682 | N34: 0.14976 | O34: 0.1298 | P34: N/A | Q34: 2018/12
B35: TENCENT | C35: 00700.HK | D35: 320.4 | E35: 33.76 | F35: 3,050.39B | G35: 356.03B | H35: 0.24902 | I35: 1.07 | J35: 1.07 | K35: 0.1088 | L35: 0.2433 | M35: 0.4545 | N35: 0.31228 | O35: 0.2517 | P35: 0.5542 | Q35: 2018/12
B36: CHINA LIT | C36: 00772.HK | D36: 29.9 | E36: 26 | F36: 30.57B | G36: 5.74B | H36: 0.16844 | I36: 2.16 | J36: 2.14 | K36: 0.0327 | L36: 0.0495 | M36: 0.5077 | N36: 0.2213 | O36: 0.1807 | P36: 0.0959 | Q36: 2018/12
B37: NETDRAGON | C37: 00777.HK | D37: 19.8 | E37: 16.98 | F37: 10.50B | G37: 5.74B | H37: 0.23698 | I37: 2.26 | J37: 1.72 | K37: 0.0809 | L37: 0.1106 | M37: 0.6049 | N37: 0.1045 | O37: 0.1083 | P37: 0.0879 | Q37: 2018/12
B38: 7ROAD | C38: 00797.HK | D38: 1.36 | E38: N/A | F38: 3.63B | G38: 378.45M | H38: N/A | I38: 6.6 | J38: 6.6 | K38: -0.0734 | L38: -0.0833 | M38: 0.8462 | N38: 0.06403 | O38: -0.2949 | P38: 0.0404 | Q38: 2018/12
B39: IGG | C39: 00799.HK | D39: 9.29 | E39: 8.08 | F39: 11.89B | G39: 5.87B | H39: 0.23623 | I39: 2.87 | J39: 2.87 | K39: 0.4736 | L39: 0.6694 | M39: 0.6992 | N39: 0.31746 | O39: 0.2526 | P39: N/A | Q39: 2018/12
B40: CHINA E-WALLET | C40: 00802.HK | D40: 0.185 | E40: N/A | F40: 507.59M | G40: 90.73M | H40: 0.64935 | I40: 8.28 | J40: 8.28 | K40: -0.0773 | L40: -0.0912 | M40: 0.0709 | N40: -0.58268 | O40: -0.5153 | P40: 0.0287 | Q40: 2018/12
B41: FEIYU | C41: 01022.HK | D41: 0.243 | E41: N/A | F41: 375.91M | G41: 94.79M | H41: -0.39966 | I41: 1.61 | J41: 1.61 | K41: -0.1384 | L41: -0.1833 | M41: 0.2855 | N41: -1.37289 | O41: -1.2914 | P41: 0.1586 | Q41: 2018/12
B42: FORTUNET E-COMM | C42: 01039.HK | D42: 0.4 | E42: N/A | F42: 724.38M | G42: 58.04M | H42: -0.71119 | I42: 1.91 | J42: 1.91 | K42: -0.3898 | L42: -0.1999 | M42: -0.1587 | N42: -5.49165 | O42: -1.3568 | P42: 0.1284 | Q42: 2018/12
B43: LEYOU TECH H | C43: 01089.HK | D43: 2.3 | E43: 43.82 | F43: 7.09B | G43: 1.78B | H43: 0.36925 | I43: 1.5 | J43: 1.5 | K43: 0.0657 | L43: 0.0899 | M43: 0.6213 | N43: 0.36179 | O43: 0.0896 | P43: 0.1861 | Q43: 2018/12
B44: C P PROCUREMENT | C44: 01094.HK | D44: 0.38 | E44: N/A | F44: 66.31M | G44: 68.29M | H44: 0.05324 | I44: 0.68 | J44: 0.68 | K44: -0.074 | L44: -0.1289 | M44: 0.3341 | N44: -0.31134 | O44: -0.3573 | P44: 0.2054 | Q44: 2018/12
B45: IDREAMSKY | C45: 01119.HK | D45: 5.18 | E45: 19.78 | F45: 6.58B | G45: 2.69B | H45: N/A | I45: 1.42 | J45: 1.42 | K45: 0.0439 | L45: 0.0788 | M45: 0.4393 | N45: 0.13929 | O45: 0.1042 | P45: 0.3563 | Q45: 2018/12
B46: MEITU | C46: 01357.HK | D46: 2.6 | E46: N/A | F46: 10.94B | G46: 3.18B | H46: -0.40961 | I46: 4.23 | J46: 3.87 | K46: -0.2465 | L46: -0.3266 | M46: 0.1538 | N46: -0.36278 | O46: -0.4494 | P46: 0.0026 | Q46: 2018/12
B47: PARENTING NET | C47: 01736.HK | D47: 0.27 | E47: 8.07 | F47: 276.93M | G47: 124.92M | H47: 0.14334 | I47: 5.11 | J47: 5.1 | K47: 0.066 | L47: 0.0715 | M47: 0.7113 | N47: 0.32323 | O47: 0.275 | P47: 0.0261 | Q47: 2018/12
B48: DUIBA | C48: 01753.HK | D48: 4.56 | E48: N/A | F48: 5.07B | G48: 1B | H48: 1 | I48: 5.04 | J48: N/A | K48: N/A | L48: N/A | M48: N/A | N48: =-26.3% -> -0.263 | O48: -0.2564 | P48: N/A
B49: BABYTREE GROUP | C49: 01761.HK | D49: 4.99 | E49: 15.11 | F49: 8.43B | G49: 865.45M | H49: N/A | I49: 17.18 | J49: 17.11 | K49: 0.1438 | L49: 0.1525 | M49: 0.7886 | N49: 0.19864 | O49: 0.6924 | P49: N/A | Q49: 2018/12
B50: TIANGE | C50: 01980.HK | D50: 2.19 | E50: 11.18 | F50: 2.75B | G50: 856.15M | H50: -0.22037 | I50: 7.93 | J50: 7.93 | K50: 0.0692 | L50: 0.0771 | M50: 0.9132 | N50: 0.67863 | O50: 0.2903 | P50: N/A | Q50: 2018/12
B51: DIGIT HOLLYWOOD | C51: 02022.HK | D51: 0.24 | E51: 61.27 | F51: 480.00M | G51: 189.28M | H51: -0.15365 | I51: 4.95 | J51: 4.95 | K51: 0.0147 | L51: 0.0176 | M51: 0.5512 | N51: 0.08663 | O51: 0.0388 | P51: N/A | Q51: 2018/12
B52: BAIOO | C52: 02100.HK | D52: 0.465 | E52: 9.89 | F52: 1.30B | G52: 323.92M | H52: -0.12754 | I52: 13.73 | J52: 13.71 | K52: 0.0675 | L52: 0.0735 | M52: 0.6035 | N52: 0.37509 | O52: 0.394 | P52: 0 | Q52: 2018/12
B53: HC GROUP | C53: 02280.HK | D53: 3.11 | E53: 11.09 | F53: 3.49B | G53: 12.05B | H53: 1.71463 | I53: 1.54 | J53: 1.35 | K53: 0.0314 | L53: 0.0635 | M53: 0.1197 | N53: 0.03655 | O53: 0.026 | P53: 0.5198 | Q53: 2018/12
B54: ZENGAME | C54: 02660.HK | D54: 0.9 | E54: N/A | F54: 919.50M | G54: N/A | H54: N/A | I54: N/A | J54: N/A | K54: N/A | L54: N/A | M54: N/A | N54: N/A | O54: N/A | P54: N/A
B55: MEITUAN-W | C55: 03690.HK | D55: 61.35 | E55: N/A | F55: 352.30B | G55: 74.27B | H55: N/A | I55: 2.3 | J55: 2.29 | K55: -0.957 | L55: -1.3349 | M55: 0.2316 | N55: -0.16996 | O55: -1.7704 | P55: 0.0262 | Q55: 2018/12
B56: VOBILE GROUP | C56: 03738.HK | D56: 2.64 | E56: N/A | F56: 1.12B | G56: 119.27M | H56: -0.02566 | I56: 4.1 | J56: 4.1 | K56: -0.0492 | L56: -0.0571 | M56: 0.8029 | N56: -0.16578 | O56: -0.1643 | P56: N/A | Q56: 2018/12
B57: FINGERTANGO | C57: 06860.HK | D57: 1.46 | E57: 13.76 | F57: 2.89B | G57: 1.24B | H57: N/A | I57: 5.08 | J57: 5.08 | K57: 0.0959 | L57: 0.1165 | M57: 0.5909 | N57: 0.15469 | O57: 0.1433 | P57: N/A | Q57: 2018/12
B58: OURGAME | C58: 06899.HK | D58: 0.74 | E58: N/A | F58: 809.08M | G58: 390.95M | H58: -0.13677 | I58: 1.76 | J58: 1.76 | K58: -0.4919 | L58: -0.6466 | M58: 0.3656 | N58: -1.5224 | O58: -1.8143 | P58: 0.073 | Q58: 2018/12
B59: EFT SOLUTIONS | C59: 08062.HK | D59: 0.24 | E59: 5.31 | F59: 115.20M | G59: 94.15M | H59: 0.76698 | I59: 3.87 | J59: 3.61 | K59: 0.1958 | L59: 0.2521 | M59: 0.5187 | N59: 0.29335 | O59: 0.2305 | P59: 0.0581 | Q59: 2018/03
B60: CHINA YOUZAN | C60: 08083.HK | D60: 0.47 | E60: N/A | F60: 7.27B | G60: 684.46M | H60: 2.29295 | I60: 0.98 | J60: 0.98 | K60: -0.0661 | L60: -0.1329 | M60: 0.3375 | N60: -1.30491 | O60: -0.7354 | P60: N/A | Q60: 2018/12
B61: SINO VISION WW | C61: 08086.HK | D61: 0.089 | E61: N/A | F61: 272.88M | G61: 308.24M | H61: -0.04615 | I61: 3.06 | J61: 3.05 | K61: -0.1706 | L61: -0.3951 | M61: 0.3266 | N61: -0.29151 | O61: -0.253 | P61: 0.7001 | Q61: 2018/06
B62: AURUM PACIFIC | C62: 08148.HK | D62: 0.13 | E62: N/A | F62: 165.44M | G62: 53.97M | H62: -0.16282 | I62: 3.2 | J62: 3.2 | K62: -0.12 | L62: -0.1569 | M62: 0.8309 | N62: -0.7856 | O62: -0.722 | P62: 0.1457 | Q62: 2018/12
B63: S ROBOT EDU | C63: 08206.HK | D63: 0.35 | E63: 23.18 | F63: 663.49M | G63: 141.48M | H63: 0.54613 | I63: 1.1 | J63: 1.1 | K63: 0.0414 | L63: 0.1007 | M63: 0.656 | N63: 0.33189 | O63: 0.1951 | P63: 0.3856 | Q63: 2018/03
B64: CHINA BINARY | C64: 08255.HK | D64: 0.39 | E64: N/A | F64: 187.20M | G64: 37.55M | H64: 0.18579 | I64: 2.22 | J64: 2.21 | K64: -0.1788 | L64: -0.241 | M64: 0.6166 | N64: -2.42733 | O64: -2.3086 | P64: 0.2896 | Q64: 2018/12
B65: LINEKONG | C65: 08267.HK | D65: 0.8 | E65: N/A | F65: 294.98M | G65: 521.24M | H65: -0.12121 | I65: 1.94 | J65: 1.94 | K65: -0.1863 | L65: -0.3096 | M65: 0.3744 | N65: -0.19783 | O65: -0.3645 | P65: 0.3694 | Q65: 2018/12
B66: CMON | C66: 08278.HK | D66: 0.167 | E66: 19.38 | F66: 301.60M | G66: 220.98M | H66: -0.05155 | I66: 1.16 | J66: 0.83 | K66: 0.0543 | L66: 0.0919 | M66: 0.5248 | N66: 0.09064 | O66: 0.0733 | P66: 0.3678 | Q66: 2018/12
B67: GAMEONE | C67: 08282.HK | D67: 0.345 | E67: N/A | F67: 55.20M | G67: 105.45M | H67: 0.32415 | I67: 2.78 | J67: 2.78 | K67: -0.3554 | L67: -0.5151 | M67: 0.2045 | N67: -0.23361 | O67: -0.2308 | P67: N/A | Q67: 2018/12
B68: FINET GROUP | C68: 08317.HK | D68: 0.46 | E68: N/A | F68: 306.61M | G68: 18.77M | H68: 0.74382 | I68: 1.71 | J68: 1.71 | K68: -0.2457 | L68: -0.3177 | M68: 0.8548 | N68: -1.78566 | O68: -1.9076 | P68: 0.1494 | Q68: 2018/03
B69: CHINA SMARTPAY | C69: 08325.HK | D69: 0.47 | E69: N/A | F69: 772.77M | G69: 598.48M | H69: 0.22359 | I69: 2.24 | J69: 2.24 | K69: -0.1485 | L69: -0.2731 | M69: 0.3921 | N69: -0.31472 | O69: -0.6036 | P69: 0.3391 | Q69: 2018/03
B70: FIRE ROCK | C70: 08345.HK | D70: 5.9 | E70: 18.45 | F70: 1.89B | G70: 182.97M | H70: 0.9005 | I70: 16.61 | J70: 16.61 | K70: 0.4214 | L70: 0.4676 | M70: 0.897 | N70: 0.74392 | O70: 0.5592 | P70: N/A | Q70: 2018/12

Sheet DCF Analysis
D2: Historical | G2: Projection Period
B3: Year ended 31st December | D3: 2016A | E3: 2017A | F3: 2018A | G3: 2019F | H3: 2020F | I3: 2021F | J3: 2022F
B5: Unlevered Free Cash Flow
B6: EBIT | G6: ='Income Statement'!G29 -> 142523.41 | H6: ='Income Statement'!H29 -> 257007.21 | I6: ='Income Statement'!I29 -> 433254.84 | J6: ='Income Statement'!J29 -> 561046.29
B7: Depreciation & Amortization | G7: ='PPE Schedule'!G64 -> 5101.4672 | H7: ='PPE Schedule'!H64 -> 10585.582 | I7: ='PPE Schedule'!I64 -> 15905.946 | J7: ='PPE Schedule'!J64 -> 24101.704
B8: Changes in Working Capital | G8: =OWC!G20 -> -186986.54 | H8: =OWC!H20 -> -96706.449 | I8: =OWC!I20 -> -144995.49 | J8: =OWC!J20 -> -108776.23
B9: Capital Expenditures | G9: ='PPE Schedule'!G8 -> 14189.809 | H9: ='PPE Schedule'!H8 -> 21128.666 | I9: ='PPE Schedule'!I8 -> 31532.346 | J9: ='PPE Schedule'!J8 -> 39337.231
B10: Taxes | G10: ='Income Statement'!G22 -> -16385.762 | H10: ='Income Statement'!H22 -> -29997.126 | I10: ='Income Statement'!I22 -> -50979.879 | J10: ='Income Statement'!J22 -> -132334.89
B11: Total Unlevered Free Cash Flow | G11: =SUM(G6:G10) -> -41557.616 | H11: =SUM(H6:H10) -> 162017.88 | I11: =SUM(I6:I10) -> 284717.76 | J11: =SUM(J6:J10) -> 383374.11
B13: Net Present Value Calulation
B14: Period | G14: 1 | H14: 2 | I14: 3 | J14: 4
B15: Discounted Cash Flow | F15: =L26 -> 0.09928 | G15: =G11/(1+$F$15)^G14 -> -37804.396 | H15: =H11/(1+$F$15)^H14 -> 134074.53 | I15: =I11/(1+$F$15)^I14 -> 214333.27 | J15: =J11/(1+$F$15)^J14 -> 262536.37
B16: Total Net Present Value | G16: =SUM(G15:J15) -> 573139.77
B18: Terminal Value
B19: EBITDA Method | J19: Cost of Capital
C20: Exit Year EBITDA | F20: ='Income Statement'!F29+'PPE Schedule'!F64 -> -290225 | J20: Risk Free Rate | L20: 0.016 | M20: Debt YE 2018 | O20: 0
C21: Multiple | F21: =(O20+O23/1000-'Balance Sheet'!F21)/(F20) -> -15.947747 | J21: Market Risk Premium | L21: 0.0694 | M21: Stock Price | O21: 4.91
C22: Terminal Value | F22: =F21*F20 -> 4628435 | J22: Beta | L22: 1.2 | M22: Shares Outstanding | O22: 1000000000
C23: Net Present Value | F23: =F22/(1+F15)^J14 -> 3169573.8 | J23: Cost of Equity | L23: =L20+L21*L22 -> 0.09928 | M23: Equity Value | O23: =O22*O21 -> 4910000000
B24: Perpetuity Method | J24: Cost of Debt | L24: ='[1]Debt Schedule'!H26 -> 0
C25: Unlevered Free Cash Flow | F25: =J15 -> 262536.37
C26: Growth Rate | F26: 0.02 | J26: WACC | L26: =L23*(O23/(O20+O23))+L24*(O23/(O20+O23))*(1-'[1]Income Statement'!G55) -> 0.09928
C27: Terminal Value | F27: =F25*(1+F26)/(F15-F26) -> 3377738.3
C28: Net Present Value | F28: =F27/(1+F15)^J14 -> 2313090.9 | J28: Need to use a MRP based on the index, S&P500
B30: Discounted Cash Flow Total Valuation | E30: EBITDA Method | F30: Perpetuity Method | J30: ^ Cost of debt should use current rates of debt
B31: Total of Present Value of Cash Flows | E31: =G16 -> 573139.77 | F31: =G16 -> 573139.77 | G31: sama sama | J31: Current Corporate Debt Rating would be amazing
B32: Present Value of Terminal Value | E32: =F23 -> 3169573.8 | F32: =F28 -> 2313090.9
B33: Total Enterprise Value | E33: =SUM(E31:E32) -> 3742713.5 | F33: =SUM(F31:F32) -> 2886230.7
B34: Net Debt, Non-controlling interests, preferred securities | E34: =O20-'Balance Sheet'!F21 -> -281565 | F34: =O20-'Balance Sheet'!F21 -> -281565 | G34: sama sama
B35: Equity Value | E35: =E33-E34 -> 4024278.5 | F35: =F33-F34 -> 3167795.7
B36: Share Count (thousands) | E36: =O22/1000 -> 1000000 | F36: =O22/1000 -> 1000000 | G36: sama sama
B37: Estimated Equity Value per Share | E37: =E35/E36 -> 4.0242785 | F37: =F35/F36 -> 3.1677957

Sheet Others
B2: Description
B3: User management SaaS platform business
B4: (i) the sale of merchandise we sourced from third party vendors to our customers
B5: (ii) the service charge we received for sourcing mobile phone payment credits and for sourcing e-wallet cash rewards
B7: Interactive advertising business
B8: primarily included fees charged for the advertising services and solutions we provided
B10: Blue: Hard-coded numbers
B11: Blue with highlight: Assumptions
B12: Black: Excel formula
B13: Green: Linked items from other worksheets
B15: Description
B16: optimized cost per click, a bid optimizing strategy which automatically adjusts advertisers’ bid to achieve finer matching of bid and traffic quality of page view request granularity
... B19: Specifically, the system automatically adjusts the bidding price per click for a particular advertising space in accordance with the effectiveness of conversion for that advertising space.
